 Seeded DCSS version 0.31-a0-844-gdc52ec4e09 (webtiles) character file.

Game seed: 4650116273386822121 (custom seed)

379128 qw the Slayer (level 22, -22/163 HPs)
             Began as a Gargoyle Hunter on Sept 28, 2023.
             Was an Elder of Okawaru.
             Annihilated by a spriggan berserker
             ... wielding a +0 broad axe
              (28 damage)
             ... on level 4 of the Depths.
             The game lasted 00:29:35 (46474 turns).

qw the Slayer (Gargoyle Hunter)                    Turns: 46474, Time: 00:29:35

Health: -22/163    AC: 50    Str: 20    XL:     22   Next: 84%
Magic:  26/26      EV: 26    Int: 14    God:    Okawaru [****..]
Gold:   957        SH:  0    Dex: 21    Spells: 21/21 levels left

rFire   + . .        y - +6 hand cannon (freeze)
rCold   . . .        (no shield)
rNeg    + . .        n - +4 ring mail "Vamapno" {rElec Int+3 Slay+3}
rPois   inf          (helmet restricted)
rElec   +            c - +2 cloak {Will+}
rCorr   .            s - +1 pair of gloves
SInv    .            m - +2 pair of boots
Will    +++..        k - amulet of faith
Stlth   ++++         x - ring of Gozag's Scorn {rF+ Will+ Str+3 Slay+3 Stlth+}
HPRegen 0.47/turn    d - ring of the Tortoise {AC+8}
MPRegen 0.20/turn

%: faith
@: about to teleport, heroic, flying
A: sickness immunity, AC +16, big wings, negative energy resistance 1,
electricity resistance, torment resistance 1, petrification resistance, horns 1,
low MP 1, shaggy fur 1
}: 2/15 runes: serpentine, barnacled
a: Renounce Religion, Heroism, Finesse


You were on level 4 of the Depths.
You worshipped Okawaru.
Okawaru was greatly pleased with you.
You visited 8 branches of the dungeon, and saw 39 of its levels.
You visited the Abyss 2 times.
You also visited: Gauntlet.

You collected 4119 gold pieces.
You spent 3162 gold pieces at shops.


Innate Abilities, Weirdness & Mutations

You are immune to sickness and miasma.
Your stone body is resilient. (AC +16)
You are immune to poison.
Your large and strong wings let you fly.
You resist negative energy. (rN+)
You are resistant to electric shocks. (rElec)
You are resistant to unholy torment.
You are immune to petrification.
You have a pair of small horns on your head.
Your magical capacity is low. (-10% MP)
You are covered in fur. (AC +1)


   Skills:
 + Level 24.7(27) Fighting
 - Level 24.0(27) Ranged Weapons
 - Level 15.0(20.0) Armour
 - Level 15.0(20.0) Dodging
 - Level 1.1(6.1) Stealth
 - Level 10.0 Invocations


You had 21 spell levels left.
You didn't know any spells.
Your spell library was empty.

Inventory:

Hand Weapons
 y - a +6 hand cannon of freezing (weapon)
Armour
 c - a +2 cloak of willpower (worn)
 m - a +2 pair of boots (worn)
 n - the +4 ring mail "Vamapno" (worn) {rElec Int+3 Slay+3}
   (You found it on level 11 of the Dungeon)

   Int+3:     It affects your intelligence (+3).
   Slay+3:    It affects your accuracy & damage with ranged weapons and melee
   (+3).
   rElec:     It insulates you from electricity.
 s - a +1 pair of gloves (worn)
 z - a +4 ring mail of fire resistance
Jewellery
 d - the ring of the Tortoise (right hand) {AC+8}
   (You found it on level 5 of the Lair of Beasts)

   [ring of protection]

   AC+8:      It affects your AC (+8).
 f - the ring "Qephea" {Fire Int+2 Dex+3}
   (You found it in a Gauntlet)

   [ring of fire]

   Fire:      It enhances your fire magic.
   Int+2:     It affects your intelligence (+2).
   Dex+3:     It affects your dexterity (+3).
   rF+:       It protects you from fire.
   rC-:       It makes you vulnerable to cold.
 k - an amulet of faith (around neck)
 q - the ring "Xuli" {Int+4 Dex+6}
   (You found it on level 4 of the Snake Pit)

   [ring of dexterity]

   Int+4:     It affects your intelligence (+4).
   Dex+6:     It affects your dexterity (+6).
 u - the brooch of Shielding {Spirit SH+8}
   (You bought it in a shop on level 2 of the Orcish Mines)

   [amulet of guardian spirit]

   Spirit:    It causes incoming damage to be divided between your reserves of
   health and magic.
   SH+8:      It affects your SH (+8).
 x - the ring of Gozag's Scorn (left hand) {rF+ Will+ Str+3 Slay+3 Stlth+}
   (You bought it in a shop on level 2 of the Orcish Mines)

   [ring of willpower]

   Str+3:     It affects your strength (+3).
   Slay+3:    It affects your accuracy & damage with ranged weapons and melee
   (+3).
   rF+:       It protects you from fire.
   Will+:     It increases your willpower.
   Stlth+:    It makes you more stealthy.
Wands
 v - a wand of digging (9)
Scrolls
 g - 16 scrolls of identify
 r - 7 scrolls of teleportation
Potions
 a - 6 potions of might
 e - 2 potions of mutation
 h - 5 potions of enlightenment
 i - 4 potions of cancellation
 j - 5 potions of haste
 o - 3 potions of magic
 p - 12 potions of curing

Dungeon Overview and Level Annotations

Branches:
Dungeon (15/15)            Temple (1/1) D:4            Lair (5/5) D:11
 Shoals (4/4) Lair:3        Snake (4/4) Lair:3        Slime (0/5) Lair:5
    Orc (2/2) D:11            Elf (0/3) Orc:2        Vaults (4/5) D:14
  Crypt (0/3) Vaults:2     Depths (4/4) D:15        Gauntlet (visited)
    Zot: Depths:4

Altars:
Ashenzari
Cheibriados
Dithmenos
Elyvilon
Fedhas
Gozag
Hepliaklqana
Kikubaaqudgha
Makhleb
Nemelex Xobeh
Okawaru
Qazlal
Ru
Sif Muna
Trog
Uskayaw
Vehumet
Wu Jian
Xom
Yredelemnul
Zin
The Shining One

Shops:
D:2 (   D:8 ?   D:15 ?   Orc:2 *=([*   Shoals:2 !(   Shoals:3 (   Snake:1 *
Snake:4 *=   Vaults:1 (   Vaults:2 =   Depths:1 :   Depths:3 [((*(

Portals:
Hell: Depths:1 Depths:2
Abyss: Depths:1
Pandemonium: Depths:2
Trove: Vaults:1 (give 8 potions of haste)

Annotations:
D:8 4 runed translucent doors, qwqw's ghost, novice DsBe
D:11 2 transporters
D:12 2 transporters, MackTheFife's ghost, journeyman OgFi
Vaults:4 1 runed translucent door, TPoD's ghost, adept HOMo
Depths:2 1 runed translucent door
Depths:4 Boris; Jory; Vv


Message History

You shoot a bolt. The bolt hits the frost giant!!!
The bolt freezes the frost giant.
The frost giant is heavily wounded.
The frost giant hits you but does no damage.
You shoot a bolt. The bolt hits the frost giant!
The bolt freezes the frost giant.
The frost giant is severely wounded.
Your surroundings suddenly seem different. 4 spriggans, a fire dragon, a fire giant and an ettin come into view.
The fire giant is wielding a +0 great sword of flaming.
46471 ||| READING 8 scrolls of teleportation.
As you read the scroll of teleportation, it crumbles to dust.
You feel strangely unstable.
You shoot a bolt. The bolt hits the ettin.
The bolt freezes the ettin.
The ettin is lightly wounded.
The spriggan rider shouts!
The spriggan air mage shouts!
The spriggan rider shouts!
The fire dragon roars deafeningly!
The spriggan rider hits you from afar with a +0 spear.
The spriggan berserker utters an invocation to Trog.
The death yak goes berserk!
The ettin completely misses you. The ettin barely misses you.
The spriggan rider hits you from afar with a +0 spear.
You shoot a bolt. The bolt hits the ettin!!
The bolt freezes the ettin!
The ettin is heavily wounded.
You hear a shout!
The spriggan rider barely misses you.
The spriggan berserker mumbles some strange prayers to Trog.
The spriggan berserker goes berserk!
The spriggan air mage barely misses you.
A spriggan air mage comes into view.
The ettin closely misses you.
The ettin hits you with a +0 great mace.
The spriggan rider hits you from afar with a +0 spear.
You shoot a bolt. The spriggan air mage shouts!
The bolt hits the ettin!!!
The bolt freezes the ettin!
You kill the ettin!
Okawaru accepts your kill.
The spriggan berserker hits you with a +0 broad axe!!
You die...

#...# ..#. .#
.#.##+##### #..
#D.........
#...#..........
#............
#Yii0......
#@)iC....
#i..#.i.....
#... .......
#...# .######
#.# #... ## #.#
##.# #.. #. #.#
## #.#


You could see a fire giant, a fire dragon, a death yak (summoned, berserk), 2
spriggan riders, a spriggan berserker (berserk) and 2 spriggan air magi.

Vanquished Creatures
  2 juggernauts
  Bai Suzhen (Shoals:3)
  A caustic shrike (Depths:1)
  Margery (Vaults:2)
  Vashnia (Snake:2)
  A golden dragon (Depths:4)
  Norris (Depths:2)
  Nikola (Snake:1)
  Jorgrun (Orc:1)
  Zenata (Vaults:2)
  2 liches
  5 sphinxes
  A kraken (Shoals:1)
  Gastronok (D:10)
  2 tentacled starspawn
  A shadow dragon (Depths:1)
  A tengu reaver (Depths:2)
  Kirke (Lair:3)
  Agnes (D:14)
  Ilsuiw (Shoals:3)
  Aizul (Snake:1)
  5 fire giants
  A nagaraja (Snake:4)
  12 vault wardens
  8 frost giants
  A juggernaut zombie (Depths:3)
  A balrug (Abyss:3)
  2 orc warlords
  2 spriggan defenders (Depths:3)
  15 very ugly things
  21 ironbound preservers
  4 formless jellyfish
  7 ironbound thunderhulks
  A war gargoyle (Vaults:4)
  6 stone giants
  A vampire knight (Depths:2)
  A deep elf demonologist (Vaults:1)
  Nessos (Orc:2)
  9 spark wasps
  A minotaur (Gauntlet)
  10 ettins
  10 dire elephants
  A blizzard demon (Abyss:4)
  3 merfolk javelineers
  9 merfolk impalers
  6 fire dragons
  A spriggan zombie (Abyss:3)
  A quicksilver dragon zombie (Depths:3)
  2 entropy weavers
  7 ice dragons
  3 great orbs of eyes
  15 vault guards
  4 hydras
  9 yaktaur captains
  Harold (D:10)
  4 rakshasas (Depths:1)
  6 salamander tyrants (Snake:4)
  A spriggan skeleton (Abyss:4)
  2 boulder beetles (D:11)
  A catoblepas (D:14)
  12 anacondas
  7 ironbound frosthearts
  3 two-headed ogres
  Erica (D:10)
  13 centaur warriors
  2 merfolk avatars (Shoals:2)
  2 merfolk aquamancers
  A deep troll shaman (Depths:2)
  3 death yaks (Lair:5)
  3 hell hogs
  14 naga warriors
  4 tengu warriors
  A sphinx skeleton (Depths:3)
  2 satyrs
  2 spriggan berserkers (Depths:1)
  7 shock serpents
  2 orc high priests (Orc:2)
  2 deep troll earth magi
  3 soul eaters (Depths:2)
  6 spriggans
  5 thrashing horrors
  Amaemon (D:10)
  Sonja (Orc:1)
  6 sun demons
  12 naga sharpshooters
  Nergalle (Orc:1)
  4 skeletal warriors (D:13)
  4 hell knights
  A shadow wraith (D:14)
  2 wretched stars
  2 iron trolls (Depths:2)
  6 salamander mystics (Snake:4)
  8 skysharks
  10 sea snakes
  53 deep trolls
  A golden dragon zombie (Depths:3)
  2 glowing orange brains
  A flayed ghost (Depths:3)
  5 naga ritualists
  A swamp dragon (Lair:5)
  2 tengu zombies
  6 ironbound convokers
  11 wizards
  3 phantasmal warriors
  8 lindwurms
  4 orc knights
  A deep elf zephyrmancer (D:15)
  2 deep elf pyromancers
  28 harpies
  12 mana vipers
  A wolf spider zombie (D:15)
  9 necromancers
  2 wolf spiders (Lair:5)
  11 cyclopes
  41 ugly things
  2 worldbinders
  5 manticores
  23 fauns
  20 salamanders
  10 orc sorcerers
  8 guardian serpents
  A moth of wrath (shapeshifter) (Depths:1)
  18 elephants
  37 black mambas
  A stone giant skeleton (Depths:1)
  2 fire giant skeletons (Depths:3)
  8 merfolk sirens
  A rust devil (Abyss:3)
  14 vault sentinels
  3 gargoyles
  13 naga magi
  4 water nymphs
  11 cane toads
  9 smoke demons
  A yaktaur zombie (Vaults:3)
  An orange demon (D:10)
  A centaur skeleton (D:15)
  3 tengu conjurers
  2 unseen horrors
  6 komodo dragons
  2 minotaur zombies (Gauntlet)
  5 rime drakes
  A freezing wraith (D:14)
  An efreet (D:13)
  25 yaktaurs
  2 burning bushes (Lair:2)
  34 merfolk
  A silent spectre (Abyss:4)
  A human skeleton (Vaults:3)
  6 wind drakes
  A polar bear (Lair:2)
  11 blink frogs
  6 trolls
  5 snapping turtles
  5 raiju
  11 hornets
  40 slime creatures
  Prince Ribbit (D:5)
  5 dream sheep (Shoals:1)
  A jumping spider (shapeshifter) (D:14)
  A deep troll skeleton (Vaults:3)
  A centaur simulacrum (D:15)
  4 wraiths
  A shadow (D:9)
  A culicivora (Vaults:3)
  A fire elemental (Abyss:4)
  4 basilisks
  12 wyverns
  A basilisk (shapeshifter) (D:15)
  3 hogs (Lair:3)
  4 fire bats
  A large abomination (Abyss:4)
  8 water elementals
  A chaos spawn (Abyss:4)
  39 yaks
  9 vampire mosquitoes
  7 redbacks
  Menkaure (D:6)
  3 steam dragons
  32 nagas
  2 wargs
  A glowing shapeshifter zombie (Depths:3)
  5 acid dragons
  25 water moccasins
  2 hell hounds (Gauntlet)
  A swamp drake (Lair:5)
  2 black bears
  A tengu skeleton (Depths:1)
  25 orc warriors
  3 sky beasts
  6 ogres
  19 starcursed masses
  6 centaurs
  Blork the orc (Orc:2)
  6 kobold brigands
  8 bullfrogs
  A gnoll sergeant (D:7)
  4 scorpions
  A hornet simulacrum (D:15)
  14 wights
  3 killer bees (D:4)
  17 electric eels
  4 crimson imps (Gauntlet)
  3 small abominations
  4 hounds
  2 gnoll boudas
  19 orc priests
  14 jellies
  A sleepcap (D:4)
  7 iguanas
  26 orc wizards
  2 lightning spires (Gauntlet)
  22 gnolls
  A river rat (D:3)
  6 adders
  A shadow imp (D:5)
  A white imp (D:6)
  3 worms
  3 dart slugs
  63 orcs
  10 endoplasms
  4 giant cockroaches
  5 goblins
  5 hobgoblins
  23 kobolds
  6 quokkas
  8 ball pythons
  5 bats
  2 frilled lizards
  3 rats
  2 starspawn tentacles
  A tentacle (Shoals:1)
1491 creatures vanquished.

Vanquished Creatures (others)
  A merfolk aquamancer (Shoals:1)
  A harpy (Vaults:2)
  A wizard (Vaults:2)
  A black mamba (Snake:2)
  A slime creature (Vaults:4)
  An orc priest (Orc:2)
  An orc wizard (D:10)
  A kobold (D:4)
  7 starspawn tentacles
  4 tentacles (Shoals:1)
19 creatures vanquished.

Grand Total: 1510 creatures vanquished

Notes
Turn   | Place    | Note
-------+----------+-------------------------------------------
     0 | D:1      | qw the Gargoyle Hunter began the quest for the Orb.
     0 | D:1      | Reached XP level 1. HP: 12/12 MP: 1/1
     0 | D:1      | 0 ||| qw: Version: 0.3-a-94-g83cc7af
     0 | D:1      | 0 ||| qw: Game counter: 39
     0 | D:1      | 0 ||| qw: Melee chars always use a shield: true
     0 | D:1      | 0 ||| qw: God list: Okawaru
     0 | D:1      | 0 ||| qw: Allow faded altars: false
     0 | D:1      | 0 ||| qw: Do Orc after clearing Dungeon:15 true
     0 | D:1      | 0 ||| qw: Do second Lair branch before Depths: true
     0 | D:1      | 0 ||| qw: Lair rune preference: random
     0 | D:1      | 0 ||| qw: Goals: Normal, Save, Zot:1-4, Win
     0 | D:1      | 0 ||| PLANNING D:1-11
     0 | D:1      | 0 ||| qw: Version: 0.3-a-94-g83cc7af
     0 | D:1      | 0 ||| qw: Game counter: 40
     0 | D:1      | 0 ||| qw: Melee chars always use a shield: true
     0 | D:1      | 0 ||| qw: God list: Okawaru
     0 | D:1      | 0 ||| qw: Allow faded altars: false
     0 | D:1      | 0 ||| qw: Do Orc after clearing Dungeon:15 true
     0 | D:1      | 0 ||| qw: Do second Lair branch before Depths: true
     0 | D:1      | 0 ||| qw: Lair rune preference: random
     0 | D:1      | 0 ||| qw: Goals: Normal, Save, Zot:1-4, Win
     0 | D:1      | 0 ||| PLANNING D:1-11
     0 | D:1      | 0 ||| qw: Version: 0.3-a-94-g83cc7af
     0 | D:1      | 0 ||| qw: Game counter: 41
     0 | D:1      | 0 ||| qw: Melee chars always use a shield: true
     0 | D:1      | 0 ||| qw: God list: Okawaru
     0 | D:1      | 0 ||| qw: Allow faded altars: false
     0 | D:1      | 0 ||| qw: Do Orc after clearing Dungeon:15 true
     0 | D:1      | 0 ||| qw: Do second Lair branch before Depths: true
     0 | D:1      | 0 ||| qw: Lair rune preference: random
     0 | D:1      | 0 ||| qw: Goals: Normal, Save, Zot:1-4, Win
     0 | D:1      | 0 ||| PLANNING D:1-11
    82 | D:1      | Reached XP level 2. HP: 17/17 MP: 2/2
   259 | D:1      | Reached XP level 3. HP: 21/21 MP: 3/3
   281 | D:1      | You fall into a shaft and drop 1 floor!
   281 | D:2      | Found Likharch's Antique Weapon Boutique.
   305 | D:2      | 305 ||| UPGRADING to +5 ring of evasion.
   306 | D:2      | 306 ||| READING scroll labelled LAEHI BEGGOAT.
   307 | D:2      | 307 ||| READING scroll labelled VOLOR SAGATOHE.
   308 | D:2      | 308 ||| READING 2 scrolls labelled CINGURYQO.
   309 | D:2      | 309 ||| DROPPING scroll of butterflies.
   653 | D:1      | 653 ||| READING scroll labelled MYUHAFU AG VUH.
   783 | D:2      | Reached skill level 3 in Fighting
   986 | D:2      | Found a shadowy altar of Dithmenos.
  1300 | D:2      | 1300 ||| UPGRADING to +0 ring mail.
  1310 | D:2      | 1310 ||| DROPPING +0 leather armour.
  1311 | D:2      | 1311 ||| UPGRADING to amulet of regeneration.
  1316 | D:2      | 1316 ||| READING scroll labelled CYDAUWIASM.
  1317 | D:2      | 1317 ||| READING scroll labelled LOUXEU DEVVOUQ.
  1322 | D:2      | 1322 ||| DRINKING 2 smoky green potions.
  1361 | D:3      | 1361 ||| PLANNING SEWER
  1398 | D:3      | Reached skill level 1 in Armour
  1398 | D:3      | Reached XP level 4. HP: 28/28 MP: 4/4
  1644 | D:3      | Found a hazy altar of Hepliaklqana.
  1710 | D:3      | Reached XP level 5. HP: 32/32 MP: 5/5
  2103 | D:3      | 2103 ||| RIP SEWER
  2104 | D:3      | 2104 ||| PLANNING D:1-11
  2137 | D:3      | 2137 ||| UPGRADING to +0 robe of fire resistance.
  2147 | D:3      | 2147 ||| DROPPING ring of wizardry.
  2148 | D:3      | 2148 ||| READING scroll labelled WITHROGRE SESOO.
  2149 | D:3      | 2149 ||| READING scroll labelled MAD CUJOEROMMYL.
  2150 | D:3      | 2150 ||| DRINKING 2 metallic coppery potions.
  2151 | D:3      | 2151 ||| READING 2 scrolls of identify.
  2151 | D:3      | 2151 ||| IDENTIFYING metallic sapphire potion
  2165 | D:4      | Noticed an ogre
  2175 | D:4      | Killed an ogre
  2176 | D:4      | Reached skill level 6 in Ranged Weapons
  2426 | D:4      | 2426 ||| FLEEEEING.
  2431 | D:4      | Reached XP level 6. HP: 37/37 MP: 6/6
  2478 | D:4      | Found a staircase to the Ecumenical Temple.
  2479 | D:4      | 2479 ||| PLANNING TEMPLE
  2479 | D:4      | 2479 ||| READING 2 scrolls labelled HEINAA XETHREG.
  2480 | D:4      | 2480 ||| READING scroll of enchant weapon.
  2480 | D:4      | 2480 ||| ENCHANTING +1 shortbow of electrocution.
  2481 | D:4      | 2481 ||| READING scroll labelled ZIS BOID SELUARCHY.
  2591 | Temple   | Entered the Ecumenical Temple
  2592 | Temple   | 2592 ||| PLANNING OKAWARU WORSHIP
  2600 | Temple   | Became a worshipper of Warmaster Okawaru
  2601 | Temple   | 2601 ||| PLANNING D:1-11
  2694 | D:4      | Identified the staff of Harmony {rElec rPois rF- rC++ Int+2
                  | Air}
  2745 | D:4      | 2745 ||| Stepping ~*~*~tactically~*~*~ (retreating).
  2749 | D:4      | Reached XP level 7. HP: 38/43 MP: 7/7
  3012 | D:4      | 3012 ||| DROPPING +0 ring mail.
  3013 | D:4      | 3013 ||| UPGRADING to +0 pair of boots.
  3018 | D:4      | 3018 ||| UPGRADING to +3 leather armour.
  3028 | D:4      | 3028 ||| READING scroll labelled VUMIJU UFRO.
  3047 | D:5      | Entered Level 5 of the Dungeon
  3081 | D:5      | Found a sparkling altar of Nemelex Xobeh.
  3259 | D:5      | Noticed Prince Ribbit
  3264 | D:5      | Killed Prince Ribbit
  3264 | D:5      | Reached * piety under Okawaru
  3265 | D:5      | Reached XP level 8. HP: 40/49 MP: 8/8
  3285 | D:5      | Noticed a +0 hand axe
  3285 | D:5      | Noticed a +0 hand axe
  3291 | D:5      | Found a hide-covered altar of Uskayaw.
  3446 | D:5      | Found a sacrificial altar of Ru.
  3551 | D:5      | Found an ornate altar of the Wu Jian Council.
  3564 | D:5      | 3564 ||| READING 2 scrolls labelled FIDOHA UFAROM.
  3565 | D:5      | 3565 ||| READING 2 scrolls labelled HAMNOCKA AXTY.
  3566 | D:5      | 3566 ||| READING scroll of enchant armour.
  3566 | D:5      | 3566 ||| ENCHANTING +0 pair of boots.
  3567 | D:5      | 3567 ||| DROPPING scroll of vulnerability.
  3609 | D:6      | Reached skill level 9 in Ranged Weapons
  3609 | D:6      | Reached skill level 1 in Invocations
  3673 | D:6      | 3673 ||| RETREEAATING.
  3680 | D:6      | HP: 10/49 [ogre/+0 giant spiked club (27)]
  3681 | D:6      | 3681 ||| DRINKING potion of heal wounds.
  3690 | D:6      | 3690 ||| INVOKING Heroism.
  3704 | D:6      | Reached skill level 3 in Invocations
  3710 | D:6      | Reached skill level 6 in Fighting
  3791 | D:6      | Noticed Menkaure
  3794 | D:6      | Killed Menkaure
  3796 | D:6      | 3796 ||| FLEEEEING.
  3797 | D:6      | 3797 ||| FLEEEEING.
  3849 | D:6      | Reached XP level 9. HP: 55/55 MP: 12/12
  3865 | D:6      | Reached ** piety under Okawaru
  3918 | D:6      | 3918 ||| DROPPING ring of magical power.
  3919 | D:6      | 3919 ||| READING 3 scrolls labelled XASTRY LUUTSEL.
  3920 | D:6      | 3920 ||| READING 2 scrolls of identify.
  3920 | D:6      | 3920 ||| IDENTIFYING green potion
  3921 | D:6      | 3921 ||| DROPPING potion of ambrosia.
  3922 | D:6      | 3922 ||| DROPPING 2 scrolls of amnesia.
  4240 | D:6      | Reached skill level 3 in Dodging
  4346 | D:6      | 4346 ||| DROPPING amulet of magic regeneration.
  4347 | D:6      | 4347 ||| DRINKING 2 puce potions.
  4371 | D:6      | 4371 ||| DROPPING potion of lignification.
  4413 | D:7      | 4413 ||| FLEEEEING.
  4414 | D:7      | 4414 ||| FLEEEEING.
  4442 | D:7      | 4442 ||| SWAPPING to +0 orcbow.
  4443 | D:7      | 4443 ||| DROPPING +2 shortbow of electrocution.
  4446 | D:7      | 4446 ||| READING scroll of enchant armour.
  4446 | D:7      | 4446 ||| ENCHANTING +1 pair of boots.
  4599 | D:7      | 4599 ||| FLEEEEING.
  4600 | D:7      | 4600 ||| STAIRDANCE
  4609 | D:7      | 4609 ||| STAIRDANCE
  4639 | D:7      | 4639 ||| STAIRDANCE
  4740 | D:7      | Found a broken altar of Ashenzari.
  4809 | D:7      | Noticed a gargoyle
  4810 | D:7      | 4810 ||| INVOKING Heroism.
  4818 | D:7      | Killed a gargoyle
  4872 | D:7      | 4872 ||| FLEEEEING.
  4888 | D:7      | Reached *** piety under Okawaru
  5037 | D:7      | 5037 ||| READING scroll of enchant weapon.
  5037 | D:7      | 5037 ||| ENCHANTING +0 orcbow.
  5084 | D:7      | Reached XP level 10. HP: 60/64 MP: 13/13
  5222 | D:7      | 5222 ||| UPGRADING to +1 cloak.
  5262 | D:8      | Found Baceyff's Magic Scroll Shoppe.
  5265 | D:8      | 5265 ||| READING scroll of enchant weapon.
  5265 | D:8      | 5265 ||| ENCHANTING +1 orcbow.
  5274 | D:8      | 5274 ||| SHOPLISTING 2 scrolls of acquirement (1144 gold,
                  | have 439).
  5274 | D:8      | 5274 ||| BUYING scroll of enchant armour (82 gold).
  5274 | D:8      | Bought a scroll of enchant armour for 82 gold pieces
  5274 | D:8      | 5274 ||| BUYING scroll of enchant weapon (82 gold).
  5274 | D:8      | Bought a scroll of enchant weapon for 82 gold pieces
  5274 | D:8      | 5274 ||| BUYING scroll of identify (22 gold).
  5274 | D:8      | Bought a scroll of identify for 22 gold pieces
  5274 | D:8      | 5274 ||| BUYING scroll of identify (22 gold).
  5274 | D:8      | Bought a scroll of identify for 22 gold pieces
  5274 | D:8      | 5274 ||| BUYING scroll of identify (22 gold).
  5274 | D:8      | Bought a scroll of identify for 22 gold pieces
  5274 | D:8      | 5274 ||| BUYING scroll of identify (22 gold).
  5274 | D:8      | Bought a scroll of identify for 22 gold pieces
  5280 | D:8      | 5280 ||| READING scroll of enchant armour.
  5280 | D:8      | 5280 ||| ENCHANTING +1 cloak.
  5281 | D:8      | 5281 ||| READING scroll of enchant weapon.
  5281 | D:8      | 5281 ||| ENCHANTING +2 orcbow.
  5420 | D:8      | 5420 ||| RETREEAATING.
  5429 | D:8      | 5429 ||| Stepping ~*~*~tactically~*~*~ (retreating).
  5430 | D:8      | 5430 ||| Stepping ~*~*~tactically~*~*~ (retreating).
  5431 | D:8      | 5431 ||| STILL RETREEAATING.
  5432 | D:8      | 5432 ||| STILL RETREEAATING.
  5436 | D:8      | Reached **** piety under Okawaru
  5437 | D:8      | Reached skill level 12 in Ranged Weapons
  5532 | D:8      | 5532 ||| Stepping ~*~*~tactically~*~*~ (retreating).
  5556 | D:8      | Found a runed translucent door.
  5563 | D:8      | Noticed a sixfirhy
  5689 | D:8      | 5689 ||| READING 2 scrolls of brand weapon.
  5689 | D:8      | 5689 ||| BRANDING +3 orcbow.
  5690 | D:8      | 5690 ||| READING scroll of brand weapon.
  5690 | D:8      | 5690 ||| BRANDING +3 orcbow of chaos.
  5705 | D:8      | Found a glowing silver altar of Zin.
  5748 | D:8      | 5748 ||| FLEEEEING.
  5749 | D:8      | 5749 ||| FLEEEEING.
  5750 | D:8      | 5750 ||| FLEEEEING.
  5751 | D:8      | 5751 ||| FLEEEEING.
  5755 | D:8      | 5755 ||| FLEEEEING.
  5866 | D:8      | Found a runed translucent gate.
  5867 | D:8      | Found a runed translucent gate.
  5868 | D:8      | Found a runed translucent gate.
  5870 | D:8      | Noticed qwqw's ghost (novice DsBe)
  5870 | D:8      | Noticed a nine-headed hydra
  6011 | D:8      | 6011 ||| UPGRADING to +0 pair of gloves.
  6016 | D:8      | 6016 ||| DROPPING amulet of guardian spirit.
  6017 | D:8      | 6017 ||| READING 5 scrolls of identify.
  6017 | D:8      | 6017 ||| IDENTIFYING murky inky potion
  6018 | D:8      | 6018 ||| READING 4 scrolls of identify.
  6018 | D:8      | 6018 ||| IDENTIFYING cyan potion
  6019 | D:8      | 6019 ||| READING 3 scrolls of identify.
  6019 | D:8      | 6019 ||| IDENTIFYING bubbling silvery potion
  6020 | D:8      | 6020 ||| READING 2 scrolls of identify.
  6020 | D:8      | 6020 ||| IDENTIFYING orange potion
  6021 | D:8      | 6021 ||| DROPPING potion of degeneration.
  6055 | D:9      | 6055 ||| FLEEEEING.
  6056 | D:9      | 6056 ||| FLEEEEING.
  6057 | D:9      | 6057 ||| STAIRDANCE
  6093 | D:9      | 6093 ||| STAIRDANCE
  6134 | D:9      | Reached skill level 6 in Invocations
  6201 | D:9      | Reached skill level 3 in Armour
  6201 | D:9      | Noticed a cyclops
  6202 | D:9      | 6202 ||| INVOKING Heroism.
  6217 | D:9      | Killed a cyclops
  6348 | D:9      | 6348 ||| RETREEAATING.
  6351 | D:9      | 6351 ||| RETREEAATING.
  6353 | D:9      | 6353 ||| RETREEAATING.
  6354 | D:9      | Reached ***** piety under Okawaru
  6355 | D:9      | Reached XP level 11. HP: 68/68 MP: 16/16
  6362 | D:9      | 6362 ||| Stepping ~*~*~tactically~*~*~ (retreating).
  6363 | D:9      | 6363 ||| STILL RETREEAATING.
  6364 | D:9      | 6364 ||| STILL RETREEAATING.
  6365 | D:9      | 6365 ||| STILL RETREEAATING.
  6367 | D:9      | 6367 ||| Stepping ~*~*~tactically~*~*~ (retreating).
  6371 | D:9      | 6371 ||| Stepping ~*~*~tactically~*~*~ (retreating).
  6472 | D:9      | 6472 ||| FLEEEEING.
  6473 | D:9      | 6473 ||| FLEEEEING.
  6474 | D:9      | 6474 ||| FLEEEEING.
  6508 | D:9      | Found a burning altar of Makhleb.
  6510 | D:9      | Noticed a green death
  6562 | D:9      | Found a glowing golden altar of the Shining One.
  6774 | D:9      | Received a gift from Okawaru
  6860 | D:10     | Entered Level 10 of the Dungeon
  6876 | D:10     | Noticed a two-headed ogre
  6877 | D:10     | 6877 ||| INVOKING Finesse.
  6881 | D:10     | Killed a two-headed ogre
  7020 | D:10     | Noticed Erica
  7021 | D:10     | 7021 ||| RETREEAATING.
  7022 | D:10     | 7022 ||| STILL RETREEAATING.
  7023 | D:10     | 7023 ||| STILL RETREEAATING.
  7024 | D:10     | 7024 ||| STILL RETREEAATING.
  7025 | D:10     | 7025 ||| STILL RETREEAATING.
  7026 | D:10     | 7026 ||| STILL RETREEAATING.
  7027 | D:10     | 7027 ||| INVOKING Finesse.
  7030 | D:10     | 7030 ||| DRINKING potion of curing.
  7030 | D:10     | 7030 ||| (to cure confusion)
  7035 | D:10     | Killed Erica
  7038 | D:10     | Reached skill level 9 in Fighting
  7043 | D:10     | Reached skill level 9 in Invocations
  7110 | D:10     | Found a basalt altar of Yredelemnul.
  7157 | D:10     | Noticed Amaemon
  7158 | D:10     | 7158 ||| RETREEAATING.
  7160 | D:10     | 7160 ||| RETREEAATING.
  7162 | D:10     | 7162 ||| INVOKING Heroism.
  7163 | D:10     | 7163 ||| RETREEAATING.
  7182 | D:10     | Killed Amaemon
  7258 | D:10     | 7258 ||| RETREEAATING.
  7261 | D:10     | 7261 ||| RETREEAATING.
  7263 | D:10     | 7263 ||| Stepping ~*~*~tactically~*~*~ (retreating).
  7374 | D:10     | Noticed Harold
  7376 | D:10     | 7376 ||| INVOKING Finesse.
  7383 | D:10     | Killed Harold
  7384 | D:10     | Reached XP level 12. HP: 76/76 MP: 13/19
  7458 | D:10     | Noticed Gastronok
  7459 | D:10     | 7459 ||| INVOKING Finesse.
  7474 | D:10     | Killed Gastronok
  7638 | D:10     | Found a shimmering blue altar of Sif Muna.
  7640 | D:10     | 7640 ||| UPGRADING to +0 troll leather armour.
  7650 | D:10     | 7650 ||| UPGRADING to +1 hat.
  7665 | D:10     | 7665 ||| DROPPING +3 leather armour.
  7666 | D:10     | 7666 ||| READING 3 scrolls of identify.
  7666 | D:10     | 7666 ||| IDENTIFYING fizzy dark potion
  7667 | D:10     | 7667 ||| Stepping randomly (disturbance).
  7668 | D:10     | 7668 ||| Stepping randomly (disturbance).
  7674 | D:10     | 7674 ||| READING 2 scrolls of identify.
  7674 | D:10     | 7674 ||| IDENTIFYING fuming dark potion
  7754 | D:10     | 7754 ||| DROPPING potion of invisibility.
  7825 | D:11     | Noticed a boulder beetle
  7826 | D:11     | 7826 ||| INVOKING Finesse.
  7850 | D:11     | Killed a boulder beetle
  7870 | D:11     | Identified the +4 ring mail "Vamapno" {rElec Int+3 Slay+3}
  7911 | D:11     | Noticed a fire dragon
  8000 | D:11     | 8000 ||| Stepping ~*~*~tactically~*~*~ (retreating).
  8002 | D:11     | 8002 ||| Stepping ~*~*~tactically~*~*~ (retreating).
  8004 | D:11     | 8004 ||| Stepping ~*~*~tactically~*~*~ (retreating).
  8125 | D:11     | Received a gift from Okawaru
  8170 | D:11     | Reached skill level 15 in Ranged Weapons
  8195 | D:11     | Found a staircase to the Orcish Mines.
  8366 | D:11     | Noticed a boulder beetle
  8406 | D:11     | Found a staircase to the Lair.
  8526 | D:11     | Found a transporter.
  8526 | D:11     | Found a transporter.
  8568 | D:11     | Noticed a boulder beetle
  8569 | D:11     | 8569 ||| INVOKING Finesse.
  8591 | D:11     | Killed a boulder beetle
  8702 | D:11     | 8702 ||| PLANNING LAIR
  8702 | D:11     | 8702 ||| DROPPING +0 robe of fire resistance.
  8703 | D:11     | 8703 ||| UPGRADING to +4 ring mail "Vamapno" {rElec Int+3
                  | Slay+3}.
  8713 | D:11     | 8713 ||| DROPPING +0 troll leather armour.
  8764 | Lair:1   | Entered Level 1 of the Lair of Beasts
  9464 | Lair:1   | 9464 ||| READING 3 scrolls of identify.
  9464 | Lair:1   | 9464 ||| IDENTIFYING viscous sapphire potion
  9465 | Lair:1   | 9465 ||| DROPPING potion of attraction.
  9500 | Lair:2   | Noticed a five-headed hydra
  9501 | Lair:2   | 9501 ||| INVOKING Finesse.
  9502 | Lair:2   | 9502 ||| STAIRDANCE
  9538 | Lair:2   | Killed a five-headed hydra
  9542 | Lair:2   | Reached skill level 6 in Armour
  9542 | Lair:2   | 9542 ||| STAIRDANCE
  9573 | Lair:2   | 9573 ||| FLEEEEING.
  9574 | Lair:2   | 9574 ||| STAIRDANCE
  9749 | Lair:2   | 9749 ||| RETREEAATING.
  9750 | Lair:2   | 9750 ||| STILL RETREEAATING.
  9770 | Lair:2   | 9770 ||| READING scroll of enchant armour.
  9770 | Lair:2   | 9770 ||| ENCHANTING +0 pair of gloves.
 10076 | Lair:2   | 10076 ||| RETREEAATING.
 10079 | Lair:2   | 10079 ||| STILL RETREEAATING.
 10082 | Lair:2   | 10082 ||| STILL RETREEAATING.
 10084 | Lair:2   | 10084 ||| RETREEAATING.
 10087 | Lair:2   | 10087 ||| Stepping ~*~*~tactically~*~*~ (retreating).
 10088 | Lair:2   | 10088 ||| Stepping ~*~*~tactically~*~*~ (retreating).
 10089 | Lair:2   | 10089 ||| Stepping ~*~*~tactically~*~*~ (retreating).
 10090 | Lair:2   | 10090 ||| STILL RETREEAATING.
 10091 | Lair:2   | 10091 ||| Stepping ~*~*~tactically~*~*~ (retreating).
 10092 | Lair:2   | 10092 ||| Stepping ~*~*~tactically~*~*~ (retreating).
 10093 | Lair:2   | Received a gift from Okawaru
 10094 | Lair:2   | Reached XP level 13. HP: 82/82 MP: 20/20
 10397 | Lair:2   | 10397 ||| DROPPING +2 cloak.
 10631 | Lair:3   | 10631 ||| READING scroll of enchant weapon.
 10631 | Lair:3   | 10631 ||| ENCHANTING +3 orcbow of draining.
 10632 | Lair:3   | 10632 ||| DROPPING +0 arbalest.
 10671 | Lair:3   | Found a staircase to the Snake Pit.
 10703 | Lair:3   | Found a staircase to the Shoals.
 10981 | Lair:3   | Found a dark tunnel.
 11027 | Lair:3   | 11027 ||| DROPPING scarf of harm.
 11028 | Lair:3   | 11028 ||| READING scroll labelled HYESIC KO KUBBIN.
 11063 | Lair:4   | 11063 ||| PLANNING GAUNTLET
 11117 | Lair:4   | 11117 ||| READING scroll of enchant weapon.
 11117 | Lair:4   | 11117 ||| ENCHANTING +4 orcbow of draining.
 11351 | Lair:4   | Found a gate leading to a gauntlet.
 11352 | Lair:4   | 11352 ||| UPGRADING to +0 helmet.
 11362 | Lair:4   | 11362 ||| DROPPING scarf of harm.
 11363 | Lair:4   | 11363 ||| DROPPING +1 hat.
 11377 | Gauntlet | Entered a Gauntlet
 11377 | Gauntlet | Found a transporter.
 11377 | Gauntlet | Found a transporter.
 11377 | Gauntlet | Found a transporter.
 11381 | Gauntlet | Found a transporter.
 11382 | Gauntlet | Found a transporter.
 11393 | Gauntlet | Found a transporter.
 11395 | Gauntlet | Found a transporter.
 11400 | Gauntlet | Noticed a blizzard demon
 11405 | Gauntlet | Found a transporter.
 11495 | Gauntlet | Found a transporter.
 11495 | Gauntlet | Found the ring of the Hare {EV+10}
 11509 | Gauntlet | Found a transporter.
 11509 | Gauntlet | Found a transporter.
 11519 | Gauntlet | Found a transporter.
 11581 | Gauntlet | 11581 ||| RETREEAATING.
 11582 | Gauntlet | 11582 ||| Stepping ~*~*~tactically~*~*~ (retreating).
 11583 | Gauntlet | 11583 ||| Stepping ~*~*~tactically~*~*~ (retreating).
 11584 | Gauntlet | 11584 ||| Stepping ~*~*~tactically~*~*~ (retreating).
 11611 | Gauntlet | Identified the +0 helmet of Fortitude {Dex+4}
 11613 | Gauntlet | 11613 ||| UPGRADING to +0 helmet of Fortitude {Dex+4}.
 11623 | Gauntlet | 11623 ||| DROPPING +0 helmet.
 11649 | Gauntlet | Identified the ring "Qephea" {Fire Int+2 Dex+3}
 11651 | Gauntlet | 11651 ||| UPGRADING to ring "Qephea" {Fire Int+2 Dex+3}.
 11658 | Gauntlet | 11658 ||| Stepping ~*~*~tactically~*~*~ (retreating).
 11659 | Gauntlet | 11659 ||| Stepping ~*~*~tactically~*~*~ (retreating).
 11660 | Gauntlet | 11660 ||| Stepping ~*~*~tactically~*~*~ (retreating).
 11662 | Gauntlet | 11662 ||| Stepping ~*~*~tactically~*~*~ (retreating).
 11663 | Gauntlet | 11663 ||| Stepping ~*~*~tactically~*~*~ (retreating).
 11711 | Gauntlet | Identified the ring of the Cast Vote {rF+ Str+5}
 11715 | Gauntlet | Identified the +4 dire flail of the Nurturing Fool {heavy,
                  | rF+ rC+ Will- Str+7 Int-5}
 11716 | Gauntlet | 11716 ||| UPGRADING to ring of the Cast Vote {rF+ Str+5}.
 11728 | Gauntlet | Noticed a minotaur
 11729 | Gauntlet | 11729 ||| INVOKING Finesse.
 11750 | Gauntlet | Killed a minotaur
 11750 | Gauntlet | Received a gift from Okawaru
 11785 | Gauntlet | Identified the ring of Maro Ank {Wiz rF- Will+ Int+2}
 11812 | Gauntlet | Reached skill level 6 in Dodging
 11846 | Gauntlet | 11846 ||| UPGRADING to amulet of faith.
 11866 | Lair:4   | 11866 ||| PLANNING LAIR
 12269 | Lair:4   | 12269 ||| UPGRADING to scarf of repulsion.
 12307 | Lair:5   | Entered Level 5 of the Lair of Beasts
 12343 | Lair:5   | Found a staircase to the Slime Pits.
 12355 | Lair:5   | 12355 ||| RETREEAATING.
 12356 | Lair:5   | 12356 ||| STILL RETREEAATING.
 12361 | Lair:5   | 12361 ||| Stepping ~*~*~tactically~*~*~ (retreating).
 12364 | Lair:5   | Reached skill level 12 in Fighting
 12419 | Lair:5   | 12419 ||| RETREEAATING.
 12447 | Lair:5   | 12447 ||| RETREEAATING.
 12451 | Lair:5   | 12451 ||| STILL RETREEAATING.
 12452 | Lair:5   | 12452 ||| STILL RETREEAATING.
 12453 | Lair:5   | 12453 ||| STILL RETREEAATING.
 12454 | Lair:5   | 12454 ||| STILL RETREEAATING.
 12455 | Lair:5   | 12455 ||| STILL RETREEAATING.
 12456 | Lair:5   | 12456 ||| STILL RETREEAATING.
 12458 | Lair:5   | Received a gift from Okawaru
 12491 | Lair:5   | 12491 ||| RETREEAATING.
 12507 | Lair:5   | 12507 ||| RETREEAATING.
 12508 | Lair:5   | 12508 ||| Stepping ~*~*~tactically~*~*~ (retreating).
 12509 | Lair:5   | 12509 ||| Stepping ~*~*~tactically~*~*~ (retreating).
 12510 | Lair:5   | 12510 ||| Stepping ~*~*~tactically~*~*~ (retreating).
 12544 | Lair:5   | Reached ****** piety under Okawaru
 12545 | Lair:5   | 12545 ||| INVOKING Receive Weapon.
 12545 | Lair:5   | 12545 ||| 12545 ||| Offered +6 longbow of Valiance {freeze,
                  | rF+} with value 3430
 12545 | Lair:5   | 12545 ||| 12545 ||| Offered +8 shortbow "Wuxid" {heavy,
                  | rElec Str+3} with value 2570
 12545 | Lair:5   | 12545 ||| 12545 ||| Offered +2 heavy longbow with value
                  | 3260
 12545 | Lair:5   | 12545 ||| 12545 ||| Offered +1 hand cannon of electrocution
                  | with value 3505
 12545 | Lair:5   | 12545 ||| ACQUIRING +1 hand cannon of electrocution
 12545 | Lair:5   | Acquired a +1 hand cannon of electrocution
 12545 | Lair:5   | Received a gift from Okawaru
 12546 | Lair:5   | 12546 ||| INVOKING Receive Armour.
 12546 | Lair:5   | 12546 ||| 12546 ||| Offered +1 crystal plate armour of the
                  | Armadillo {Dex+4} with value difference nil
 12546 | Lair:5   | 12546 ||| 12546 ||| Offered +0 scale mail of willpower with
                  | value difference nil
 12546 | Lair:5   | 12546 ||| 12546 ||| Offered +10 plate armour of
                  | ponderousness with value difference nil
 12546 | Lair:5   | 12546 ||| 12546 ||| Offered -1 helmet "Foesaedo" {rN+
                  | Int+3} with value difference -245
 12546 | Lair:5   | 12546 ||| ACQUIRING -1 helmet "Foesaedo" {rN+ Int+3}
 12546 | Lair:5   | Acquired the -1 helmet "Foesaedo" {rN+ Int+3}
 12546 | Lair:5   | Received a gift from Okawaru
 12548 | Lair:5   | 12548 ||| SWAPPING to +1 hand cannon of electrocution.
 12549 | Lair:5   | 12549 ||| DROPPING +5 orcbow of draining.
 12596 | Lair:5   | Found the ring of the Tortoise {AC+8}
 12603 | Lair:5   | 12603 ||| RETREEAATING.
 12604 | Lair:5   | 12604 ||| STILL RETREEAATING.
 12605 | Lair:5   | 12605 ||| STILL RETREEAATING.
 12606 | Lair:5   | 12606 ||| STILL RETREEAATING.
 12607 | Lair:5   | 12607 ||| STILL RETREEAATING.
 12608 | Lair:5   | 12608 ||| STILL RETREEAATING.
 12610 | Lair:5   | 12610 ||| Stepping ~*~*~tactically~*~*~ (retreating).
 12612 | Lair:5   | 12612 ||| Stepping ~*~*~tactically~*~*~ (retreating).
 12613 | Lair:5   | 12613 ||| Stepping ~*~*~tactically~*~*~ (retreating).
 12614 | Lair:5   | 12614 ||| Stepping ~*~*~tactically~*~*~ (retreating).
 12615 | Lair:5   | 12615 ||| Stepping ~*~*~tactically~*~*~ (retreating).
 12616 | Lair:5   | 12616 ||| Stepping ~*~*~tactically~*~*~ (retreating).
 12617 | Lair:5   | 12617 ||| Stepping ~*~*~tactically~*~*~ (retreating).
 12620 | Lair:5   | Gained mutation: Your large and strong wings let you fly.
                  | [Gargoyle growth]
 12620 | Lair:5   | Reached XP level 14. HP: 85/92 MP: 21/21
 12737 | Lair:5   | 12737 ||| RETREEAATING.
 12740 | Lair:5   | 12740 ||| Stepping ~*~*~tactically~*~*~ (retreating).
 12742 | Lair:5   | 12742 ||| Stepping ~*~*~tactically~*~*~ (retreating).
 12743 | Lair:5   | 12743 ||| Stepping ~*~*~tactically~*~*~ (retreating).
 12745 | Lair:5   | 12745 ||| Stepping ~*~*~tactically~*~*~ (retreating).
 12746 | Lair:5   | 12746 ||| Stepping ~*~*~tactically~*~*~ (retreating).
 12747 | Lair:5   | 12747 ||| Stepping ~*~*~tactically~*~*~ (retreating).
 12748 | Lair:5   | 12748 ||| Stepping ~*~*~tactically~*~*~ (retreating).
 12749 | Lair:5   | 12749 ||| Stepping ~*~*~tactically~*~*~ (retreating).
 12750 | Lair:5   | 12750 ||| Stepping ~*~*~tactically~*~*~ (retreating).
 12751 | Lair:5   | 12751 ||| Stepping ~*~*~tactically~*~*~ (retreating).
 12752 | Lair:5   | 12752 ||| Stepping ~*~*~tactically~*~*~ (retreating).
 12885 | Lair:5   | Received a gift from Okawaru
 12917 | Lair:5   | 12917 ||| Stepping ~*~*~tactically~*~*~ (retreating).
 13102 | Lair:5   | 13102 ||| RETREEAATING.
 13105 | Lair:5   | 13105 ||| STILL RETREEAATING.
 13106 | Lair:5   | 13106 ||| STILL RETREEAATING.
 13109 | Lair:5   | 13109 ||| Stepping ~*~*~tactically~*~*~ (retreating).
 13111 | Lair:5   | 13111 ||| Stepping ~*~*~tactically~*~*~ (retreating).
 13112 | Lair:5   | 13112 ||| Stepping ~*~*~tactically~*~*~ (retreating).
 13113 | Lair:5   | 13113 ||| Stepping ~*~*~tactically~*~*~ (retreating).
 13114 | Lair:5   | 13114 ||| Stepping ~*~*~tactically~*~*~ (retreating).
 13115 | Lair:5   | 13115 ||| Stepping ~*~*~tactically~*~*~ (retreating).
 13116 | Lair:5   | 13116 ||| Stepping ~*~*~tactically~*~*~ (retreating).
 13117 | Lair:5   | 13117 ||| Stepping ~*~*~tactically~*~*~ (retreating).
 13118 | Lair:5   | 13118 ||| Stepping ~*~*~tactically~*~*~ (retreating).
 13121 | Lair:5   | 13121 ||| Stepping ~*~*~tactically~*~*~ (retreating).
 13122 | Lair:5   | 13122 ||| Stepping ~*~*~tactically~*~*~ (retreating).
 13123 | Lair:5   | 13123 ||| Stepping ~*~*~tactically~*~*~ (retreating).
 13128 | Lair:5   | 13128 ||| Stepping ~*~*~tactically~*~*~ (retreating).
 13129 | Lair:5   | 13129 ||| Stepping ~*~*~tactically~*~*~ (retreating).
 13132 | Lair:5   | 13132 ||| Stepping ~*~*~tactically~*~*~ (retreating).
 13135 | Lair:5   | 13135 ||| Stepping ~*~*~tactically~*~*~ (retreating).
 13136 | Lair:5   | 13136 ||| Stepping ~*~*~tactically~*~*~ (retreating).
 13140 | Lair:5   | 13140 ||| Stepping ~*~*~tactically~*~*~ (retreating).
 13141 | Lair:5   | 13141 ||| Stepping ~*~*~tactically~*~*~ (retreating).
 13142 | Lair:5   | 13142 ||| Stepping ~*~*~tactically~*~*~ (retreating).
 13143 | Lair:5   | 13143 ||| Stepping ~*~*~tactically~*~*~ (retreating).
 13144 | Lair:5   | 13144 ||| INVOKING Finesse.
 13264 | Lair:5   | Received a gift from Okawaru
 13269 | Lair:5   | 13269 ||| Stepping ~*~*~tactically~*~*~ (retreating).
 13270 | Lair:5   | 13270 ||| Stepping ~*~*~tactically~*~*~ (retreating).
 13271 | Lair:5   | 13271 ||| Stepping ~*~*~tactically~*~*~ (retreating).
 13272 | Lair:5   | 13272 ||| INVOKING Finesse.
 13284 | Lair:5   | 13284 ||| Stepping ~*~*~tactically~*~*~ (retreating).
 13285 | Lair:5   | 13285 ||| Stepping ~*~*~tactically~*~*~ (retreating).
 13304 | Lair:5   | Reached skill level 18 in Ranged Weapons
 13752 | Lair:5   | Received a gift from Okawaru
 13782 | Lair:5   | 13782 ||| RETREEAATING.
 13783 | Lair:5   | 13783 ||| STILL RETREEAATING.
 13784 | Lair:5   | 13784 ||| Stepping ~*~*~tactically~*~*~ (retreating).
 13790 | Lair:5   | 13790 ||| Stepping ~*~*~tactically~*~*~ (retreating).
 14005 | Lair:5   | 14005 ||| PLANNING D
 14005 | Lair:5   | 14005 ||| DROPPING ring of Maro Ank {Wiz rF- Will+ Int+2}.
 14006 | Lair:5   | 14006 ||| DROPPING ring of ice.
 14007 | Lair:5   | 14007 ||| UPGRADING to ring of the Tortoise {AC+8}.
 14009 | Lair:5   | 14009 ||| UPGRADING to +5 ring of evasion.
 14011 | Lair:5   | 14011 ||| READING 7 scrolls of identify.
 14011 | Lair:5   | 14011 ||| IDENTIFYING bubbling cyan potion
 14210 | D:12     | Found a transporter.
 14218 | D:12     | Found a transporter.
 14219 | D:12     | Noticed MackTheFife's ghost (journeyman OgFi)
 14270 | D:12     | 14270 ||| FLEEEEING.
 14271 | D:12     | 14271 ||| FLEEEEING.
 14272 | D:12     | 14272 ||| FLEEEEING.
 14273 | D:12     | 14273 ||| FLEEEEING.
 14274 | D:12     | 14274 ||| FLEEEEING.
 14275 | D:12     | 14275 ||| FLEEEEING.
 14276 | D:12     | 14276 ||| FLEEEEING.
 14277 | D:12     | 14277 ||| FLEEEEING.
 15048 | D:13     | 15048 ||| FLEEEEING.
 15049 | D:13     | 15049 ||| FLEEEEING.
 15050 | D:13     | 15050 ||| FLEEEEING.
 15051 | D:13     | 15051 ||| FLEEEEING.
 15052 | D:13     | 15052 ||| FLEEEEING.
 15053 | D:13     | 15053 ||| FLEEEEING.
 15054 | D:13     | 15054 ||| FLEEEEING.
 15055 | D:13     | 15055 ||| FLEEEEING.
 15056 | D:13     | 15056 ||| FLEEEEING.
 15057 | D:13     | 15057 ||| FLEEEEING.
 15058 | D:13     | 15058 ||| FLEEEEING.
 15059 | D:13     | 15059 ||| FLEEEEING.
 15060 | D:13     | 15060 ||| FLEEEEING.
 15061 | D:13     | 15061 ||| FLEEEEING.
 15062 | D:13     | 15062 ||| FLEEEEING.
 15063 | D:13     | 15063 ||| FLEEEEING.
 15065 | D:13     | 15065 ||| FLEEEEING.
 15066 | D:13     | 15066 ||| FLEEEEING.
 15067 | D:13     | 15067 ||| FLEEEEING.
 15073 | D:13     | 15073 ||| FLEEEEING.
 15074 | D:13     | 15074 ||| FLEEEEING.
 15075 | D:13     | 15075 ||| STAIRDANCE
 15101 | D:12     | 15101 ||| DROPPING +2 pair of boots.
 15107 | D:13     | Received a gift from Okawaru
 15108 | D:13     | 15108 ||| STAIRDANCE
 15172 | D:13     | 15172 ||| Stepping randomly (disturbance).
 15173 | D:13     | 15173 ||| Stepping randomly (disturbance).
 15389 | D:13     | 15389 ||| RETREEAATING.
 15391 | D:13     | 15391 ||| Stepping ~*~*~tactically~*~*~ (retreating).
 15410 | D:13     | 15410 ||| INVOKING Finesse.
 15410 | D:13     | HP: 16/94 [large slime creature (16)]
 15411 | D:13     | 15411 ||| READING 6 scrolls of teleportation.
 15412 | D:13     | 15412 ||| DRINKING potion of heal wounds.
 15659 | D:13     | 15659 ||| Stepping ~*~*~tactically~*~*~ (retreating).
 15663 | D:13     | Reached XP level 15. HP: 96/98 MP: 22/22
 15666 | D:13     | 15666 ||| Stepping ~*~*~tactically~*~*~ (retreating).
 15898 | D:13     | 15898 ||| DROPPING +1 pair of boots.
 15899 | D:13     | 15899 ||| DROPPING amulet of the acrobat.
 15962 | D:14     | 15962 ||| Stepping ~*~*~tactically~*~*~ (retreating).
 15968 | D:14     | Noticed Agnes
 15969 | D:14     | 15969 ||| INVOKING Finesse.
 15979 | D:14     | Killed Agnes
 15997 | D:14     | Received a gift from Okawaru
 16019 | D:14     | 16019 ||| RETREEAATING.
 16021 | D:14     | 16021 ||| Stepping ~*~*~tactically~*~*~ (retreating).
 16045 | D:14     | 16045 ||| RETREEAATING.
 16325 | D:14     | Received a gift from Okawaru
 16507 | D:14     | Identified the +2 war axe "Beastbane" {freeze, Dex+6}
 16550 | D:14     | 16550 ||| RETREEAATING.
 16552 | D:14     | 16552 ||| RETREEAATING.
 16554 | D:14     | 16554 ||| Stepping ~*~*~tactically~*~*~ (retreating).
 16770 | D:14     | Found a gate to the Vaults.
 16914 | D:14     | 16914 ||| DROPPING +1 ring mail of cold resistance.
 16915 | D:14     | 16915 ||| READING scroll labelled IMACWOPRAVVE.
 16916 | D:14     | 16916 ||| READING 7 scrolls of identify.
 16916 | D:14     | 16916 ||| IDENTIFYING bubbling inky potion
 16917 | D:14     | 16917 ||| DROPPING potion of brilliance.
 16950 | D:15     | Entered Level 15 of the Dungeon
 16955 | D:15     | 16955 ||| STAIRDANCE
 17018 | D:15     | 17018 ||| STAIRDANCE
 17081 | D:15     | 17081 ||| STAIRDANCE
 17110 | D:15     | Received a gift from Okawaru
 17181 | D:15     | 17181 ||| Stepping ~*~*~tactically~*~*~ (retreating).
 17360 | D:15     | 17360 ||| RETREEAATING.
 17391 | D:15     | 17391 ||| Stepping ~*~*~tactically~*~*~ (retreating).
 17599 | D:15     | Found a staircase to the Depths.
 17684 | D:15     | Found Waletuog's Magic Scroll Emporium.
 17690 | D:15     | Received a gift from Okawaru
 17715 | D:15     | 17715 ||| BUYING scroll of teleportation (42 gold).
 17715 | D:15     | Bought a scroll of teleportation for 42 gold pieces
 17715 | D:15     | 17715 ||| BUYING scroll of teleportation (42 gold).
 17715 | D:15     | Bought a scroll of teleportation for 42 gold pieces
 17968 | D:15     | 17968 ||| PLANNING ORC
 18094 | Orc:1    | Entered Level 1 of the Orcish Mines
 18098 | Orc:1    | 18098 ||| STAIRDANCE
 18131 | Orc:1    | 18131 ||| STAIRDANCE
 18140 | Orc:1    | 18140 ||| STAIRDANCE
 18168 | Orc:1    | 18168 ||| STAIRDANCE
 18274 | Orc:1    | 18274 ||| STAIRDANCE
 18284 | Orc:1    | 18284 ||| STAIRDANCE
 18294 | Orc:1    | 18294 ||| STAIRDANCE
 18294 | Orc:1    | Paralysed by an orc sorcerer for 2 turns
 18296 | Orc:1    | 18296 ||| STAIRDANCE
 18368 | Orc:1    | 18368 ||| FLEEEEING.
 18369 | Orc:1    | 18369 ||| FLEEEEING.
 18370 | Orc:1    | 18370 ||| FLEEEEING.
 18460 | Orc:1    | Noticed Jorgrun
 18460 | Orc:1    | Noticed Sonja
 18461 | Orc:1    | 18461 ||| RETREEAATING.
 18463 | Orc:1    | 18463 ||| INVOKING Finesse.
 18465 | Orc:1    | 18465 ||| STILL RETREEAATING.
 18466 | Orc:1    | 18466 ||| STILL RETREEAATING.
 18467 | Orc:1    | 18467 ||| STILL RETREEAATING.
 18468 | Orc:1    | 18468 ||| DRINKING 5 potions of curing.
 18468 | Orc:1    | 18468 ||| (to cure confusion)
 18469 | Orc:1    | 18469 ||| STILL RETREEAATING.
 18470 | Orc:1    | 18470 ||| STILL RETREEAATING.
 18471 | Orc:1    | 18471 ||| STILL RETREEAATING.
 18479 | Orc:1    | Killed Jorgrun
 18489 | Orc:1    | Killed Sonja
 18561 | Orc:1    | Reached XP level 16. HP: 106/106 MP: 23/23
 18562 | Orc:1    | Noticed Nergalle
 18577 | Orc:1    | Killed Nergalle
 18834 | Orc:2    | Entered Level 2 of the Orcish Mines
 18870 | Orc:2    | Paralysed by an orc sorcerer for 3 turns
 18873 | Orc:2    | 18873 ||| RETREEAATING.
 18874 | Orc:2    | 18874 ||| STILL RETREEAATING.
 18875 | Orc:2    | 18875 ||| STILL RETREEAATING.
 18876 | Orc:2    | 18876 ||| Stepping ~*~*~tactically~*~*~ (retreating).
 18877 | Orc:2    | 18877 ||| Stepping ~*~*~tactically~*~*~ (retreating).
 18878 | Orc:2    | 18878 ||| STILL RETREEAATING.
 18879 | Orc:2    | 18879 ||| STILL RETREEAATING.
 18880 | Orc:2    | 18880 ||| Stepping ~*~*~tactically~*~*~ (retreating).
 18886 | Orc:2    | 18886 ||| INVOKING Finesse.
 19080 | Orc:2    | Received a gift from Okawaru
 19096 | Orc:2    | Found a staircase to the Elven Halls.
 19240 | Orc:2    | Noticed Nessos
 19250 | Orc:2    | 19250 ||| Stepping ~*~*~tactically~*~*~ (retreating).
 19261 | Orc:2    | 19261 ||| INVOKING Finesse.
 19263 | Orc:2    | Noticed Blork the orc
 19271 | Orc:2    | Killed Nessos
 19279 | Orc:2    | 19279 ||| Stepping ~*~*~tactically~*~*~ (retreating).
 19280 | Orc:2    | 19280 ||| Stepping ~*~*~tactically~*~*~ (retreating).
 19281 | Orc:2    | 19281 ||| RETREEAATING.
 19282 | Orc:2    | 19282 ||| STILL RETREEAATING.
 19283 | Orc:2    | 19283 ||| STILL RETREEAATING.
 19284 | Orc:2    | 19284 ||| Stepping ~*~*~tactically~*~*~ (retreating).
 19285 | Orc:2    | 19285 ||| Stepping ~*~*~tactically~*~*~ (retreating).
 19285 | Orc:2    | HP: 16/106 [sun demon[an orc high priest] (12)]
 19286 | Orc:2    | 19286 ||| READING 10 scrolls of teleportation.
 19287 | Orc:2    | 19287 ||| Stepping ~*~*~tactically~*~*~ (retreating).
 19288 | Orc:2    | 19288 ||| Stepping ~*~*~tactically~*~*~ (retreating).
 19611 | Orc:2    | Killed Blork the orc
 19616 | Orc:2    | Reached skill level 21 in Ranged Weapons
 19634 | Orc:2    | Found Gexubok's Mayhem Merchandise.
 19757 | Orc:2    | 19757 ||| DRINKING 4 potions of curing.
 19757 | Orc:2    | 19757 ||| (to cure confusion)
 19768 | Orc:2    | 19768 ||| Stepping ~*~*~tactically~*~*~ (retreating).
 19942 | Orc:2    | Found Xemabb's General Store.
 19946 | Orc:2    | Found Liklaome's Jewellery Emporium.
 19955 | Orc:2    | 19955 ||| BUYING brooch of Shielding {Spirit SH+8} (975
                  | gold).
 19955 | Orc:2    | Bought the brooch of Shielding {Spirit SH+8} for 975 gold
                  | pieces
 19955 | Orc:2    | Found the brooch of Shielding {Spirit SH+8}
 19955 | Orc:2    | 19955 ||| BUYING ring of Gozag's Scorn {rF+ Will+ Str+3
                  | Slay+3 Stlth+} (910 gold).
 19955 | Orc:2    | Bought the ring of Gozag's Scorn {rF+ Will+ Str+3 Slay+3
                  | Stlth+} for 910 gold pieces
 19971 | Orc:2    | 19971 ||| BUYING scroll of teleportation (33 gold).
 19971 | Orc:2    | Bought a scroll of teleportation for 33 gold pieces
 19980 | Orc:2    | Found Kirphaell's Antique Weapon Emporium.
 19987 | Orc:2    | 19987 ||| SHOPLISTING +27 heavy crossbow "Sniper" {heavy,
                  | Acc+∞ SInv} (1760 gold, have 48).
 19996 | Orc:2    | Found Caxakad's Antique Armour Emporium.
 20048 | Orc:2    | 20048 ||| PLANNING SHOALS:1-3
 20048 | Orc:2    | 20048 ||| DROPPING amulet of regeneration.
 20049 | Orc:2    | 20049 ||| DROPPING ring of the Cast Vote {rF+ Str+5}.
 20050 | Orc:2    | 20050 ||| UPGRADING to ring of Gozag's Scorn {rF+ Will+
                  | Str+3 Slay+3 Stlth+}.
 20052 | Orc:2    | 20052 ||| UPGRADING to ring of the Tortoise {AC+8}.
 20210 | Shoals:1 | Entered Level 1 of the Shoals
 20222 | Shoals:1 | 20222 ||| STAIRDANCE
 20237 | Shoals:1 | 20237 ||| STAIRDANCE
 20244 | Shoals:1 | 20244 ||| STAIRDANCE
 20256 | Shoals:1 | 20256 ||| STAIRDANCE
 20285 | Shoals:1 | Noticed Kirke
 20286 | Shoals:1 | 20286 ||| INVOKING Finesse.
 20287 | Shoals:1 | 20287 ||| STAIRDANCE
 20316 | Shoals:1 | 20316 ||| STAIRDANCE
 20318 | Lair:3   | 20318 ||| INVOKING Finesse.
 20322 | Lair:3   | Killed Kirke
 20323 | Lair:3   | Reached skill level 9 in Dodging
 20408 | Shoals:1 | Received a gift from Okawaru
 20427 | Shoals:1 | Reached skill level 9 in Armour
 20497 | Shoals:1 | 20497 ||| Stepping ~*~*~tactically~*~*~ (retreating).
 20498 | Shoals:1 | 20498 ||| Stepping ~*~*~tactically~*~*~ (retreating).
 20500 | Shoals:1 | 20500 ||| Stepping ~*~*~tactically~*~*~ (retreating).
 20501 | Shoals:1 | 20501 ||| Stepping ~*~*~tactically~*~*~ (retreating).
 20502 | Shoals:1 | 20502 ||| Stepping ~*~*~tactically~*~*~ (retreating).
 20506 | Shoals:1 | 20506 ||| PLANNING SHOALS:1-3
 20507 | Shoals:1 | 20507 ||| RETREEAATING.
 20567 | Shoals:1 | 20567 ||| RETREEAATING.
 21065 | Shoals:1 | Noticed a kraken
 21066 | Shoals:1 | 21066 ||| INVOKING Finesse.
 21068 | Shoals:1 | 21068 ||| RETREEAATING.
 21072 | Shoals:1 | 21072 ||| INVOKING Heroism.
 21078 | Shoals:1 | Killed a kraken
 21082 | Shoals:1 | Reached skill level 15 in Fighting
 21347 | Shoals:2 | 21347 ||| STAIRDANCE
 21378 | Shoals:2 | 21378 ||| STAIRDANCE
 21422 | Shoals:2 | 21422 ||| STAIRDANCE
 21521 | Shoals:2 | 21521 ||| STAIRDANCE
 21553 | Shoals:2 | 21553 ||| STAIRDANCE
 21732 | Shoals:2 | Found Mulyrej's Distillery.
 21735 | Shoals:2 | 21735 ||| INVOKING Finesse.
 21818 | Shoals:2 | 21818 ||| BUYING potion of curing (51 gold).
 21818 | Shoals:2 | Bought a potion of curing for 51 gold pieces
 21818 | Shoals:2 | 21818 ||| BUYING potion of curing (51 gold).
 21818 | Shoals:2 | Bought a potion of curing for 51 gold pieces
 21818 | Shoals:2 | 21818 ||| SHOPLISTING potion of enlightenment (85 gold,
                  | have 74).
 21818 | Shoals:2 | 21818 ||| SHOPLISTING potion of mutation (136 gold, have
                  | 74).
 21846 | Shoals:2 | Received a gift from Okawaru
 21865 | Shoals:2 | Identified the +0 hat of Okawaru's Castigation {rC++ Dex-5}
 21900 | Shoals:2 | 21900 ||| READING scroll of enchant weapon.
 21900 | Shoals:2 | 21900 ||| ENCHANTING +1 hand cannon of electrocution.
 21934 | Shoals:2 | 21934 ||| RETREEAATING.
 21935 | Shoals:2 | 21935 ||| Stepping ~*~*~tactically~*~*~ (retreating).
 21936 | Shoals:2 | 21936 ||| Stepping ~*~*~tactically~*~*~ (retreating).
 21937 | Shoals:2 | 21937 ||| Stepping ~*~*~tactically~*~*~ (retreating).
 21938 | Shoals:2 | 21938 ||| Stepping ~*~*~tactically~*~*~ (retreating).
 21939 | Shoals:2 | 21939 ||| Stepping ~*~*~tactically~*~*~ (retreating).
 21940 | Shoals:2 | 21940 ||| Stepping ~*~*~tactically~*~*~ (retreating).
 22090 | Shoals:2 | Reached XP level 17. HP: 106/113 MP: 24/24
 22646 | Shoals:2 | Found Caunaq's Firing Range.
 22752 | Shoals:2 | 22752 ||| DROPPING +0 hat of Okawaru's Castigation {rC++
                  | Dex-5}.
 22753 | Shoals:2 | 22753 ||| DROPPING +6 ring of strength.
 22754 | Shoals:2 | 22754 ||| DRINKING 2 ruby potions.
 22754 | Shoals:2 | Gained mutation: Your magical capacity is low. (-10% MP)
                  | [potion of mutation]
 22754 | Shoals:2 | Gained mutation: You have a pair of small horns on your
                  | head. [potion of mutation]
 22754 | Shoals:2 | Gained mutation: You are covered in fur. (AC +1) [potion of
                  | mutation]
 22755 | Shoals:2 | 22755 ||| DROPPING +0 helmet of Fortitude {Dex+4}.
 22773 | Shoals:3 | Found Guukaot's Weapon Shop.
 22775 | Shoals:3 | 22775 ||| INVOKING Finesse.
 22776 | Shoals:3 | 22776 ||| STAIRDANCE
 22808 | Shoals:3 | 22808 ||| INVOKING Heroism.
 22809 | Shoals:3 | 22809 ||| STAIRDANCE
 22811 | Shoals:2 | 22811 ||| Stepping ~*~*~tactically~*~*~ (retreating).
 22812 | Shoals:2 | 22812 ||| Stepping ~*~*~tactically~*~*~ (retreating).
 22813 | Shoals:2 | 22813 ||| Stepping ~*~*~tactically~*~*~ (retreating).
 22814 | Shoals:2 | 22814 ||| Stepping ~*~*~tactically~*~*~ (retreating).
 22815 | Shoals:2 | 22815 ||| Stepping ~*~*~tactically~*~*~ (retreating).
 22816 | Shoals:2 | 22816 ||| Stepping ~*~*~tactically~*~*~ (retreating).
 22817 | Shoals:2 | 22817 ||| Stepping ~*~*~tactically~*~*~ (retreating).
 22818 | Shoals:2 | 22818 ||| Stepping ~*~*~tactically~*~*~ (retreating).
 22819 | Shoals:2 | 22819 ||| Stepping ~*~*~tactically~*~*~ (retreating).
 22820 | Shoals:2 | 22820 ||| INVOKING Finesse.
 22822 | Shoals:2 | 22822 ||| Stepping ~*~*~tactically~*~*~ (retreating).
 22892 | Shoals:3 | 22892 ||| STAIRDANCE
 22926 | Shoals:3 | 22926 ||| STAIRDANCE
 22980 | Shoals:3 | 22980 ||| STAIRDANCE
 23092 | Shoals:3 | 23092 ||| INVOKING Finesse.
 23093 | Shoals:3 | 23093 ||| STAIRDANCE
 23154 | Shoals:3 | 23154 ||| STAIRDANCE
 23255 | Shoals:3 | 23255 ||| STAIRDANCE
 23375 | Shoals:3 | 23375 ||| STAIRDANCE
 23399 | Shoals:3 | 23399 ||| STAIRDANCE
 23419 | Shoals:3 | 23419 ||| STAIRDANCE
 23498 | Shoals:3 | 23498 ||| STAIRDANCE
 23502 | Shoals:2 | Received a gift from Okawaru
 23510 | Shoals:3 | 23510 ||| STAIRDANCE
 23646 | Shoals:3 | Noticed Bai Suzhen
 23647 | Shoals:3 | 23647 ||| INVOKING Finesse.
 23650 | Shoals:3 | 23650 ||| RETREEAATING.
 23651 | Shoals:3 | 23651 ||| STILL RETREEAATING.
 23652 | Shoals:3 | 23652 ||| STILL RETREEAATING.
 23653 | Shoals:3 | 23653 ||| Stepping ~*~*~tactically~*~*~ (retreating).
 23654 | Shoals:3 | 23654 ||| STILL RETREEAATING.
 23655 | Shoals:3 | 23655 ||| Stepping ~*~*~tactically~*~*~ (retreating).
 23664 | Shoals:3 | 23664 ||| Stepping ~*~*~tactically~*~*~ (retreating).
 23676 | Shoals:3 | Killed Bai Suzhen
 23847 | Shoals:3 | 23847 ||| Stepping ~*~*~tactically~*~*~ (retreating).
 23848 | Shoals:3 | 23848 ||| Stepping ~*~*~tactically~*~*~ (retreating).
 24061 | Shoals:3 | Noticed Ilsuiw
 24064 | Shoals:3 | 24064 ||| RETREEAATING.
 24073 | Shoals:3 | 24073 ||| INVOKING Finesse.
 24093 | Shoals:3 | HP: 25/113 [merfolk impaler/+5 vampiric demon
                  | trident[Ilsuiw] (11)]
 24094 | Shoals:3 | 24094 ||| READING 12 scrolls of teleportation.
 24597 | Shoals:3 | 24597 ||| RETREEAATING.
 24598 | Shoals:3 | 24598 ||| STILL RETREEAATING.
 24599 | Shoals:3 | 24599 ||| INVOKING Finesse.
 24617 | Shoals:3 | Received a gift from Okawaru
 24629 | Shoals:3 | HP: 27/113 [merfolk javelineer/javelin[Ilsuiw] (3)]
 24630 | Shoals:3 | 24630 ||| READING 11 scrolls of teleportation.
 24930 | Shoals:3 | 24930 ||| INVOKING Finesse.
 24985 | Shoals:3 | Killed Ilsuiw
 25281 | Shoals:3 | 25281 ||| PLANNING SNAKE:1-3
 25401 | Snake:1  | Entered Level 1 of the Snake Pit
 25855 | Snake:1  | Noticed Aizul
 25869 | Snake:1  | Killed Aizul
 26180 | Snake:1  | Found Hadoxiz's Assorted Antiques.
 26189 | Snake:1  | 26189 ||| BUYING bone ring (165 gold).
 26189 | Snake:1  | Bought a bone ring for 165 gold pieces
 26189 | Snake:1  | 26189 ||| BUYING dyed leather armour (165 gold).
 26189 | Snake:1  | Bought a dyed leather armour for 165 gold pieces
 26189 | Snake:1  | 26189 ||| SHOPLISTING potion of mutation (264 gold, have
                  | 7).
 26189 | Snake:1  | 26189 ||| SHOPLISTING scroll of teleportation (99 gold,
                  | have 7).
 26224 | Snake:1  | Received a gift from Okawaru
 26581 | Snake:1  | 26581 ||| DROPPING +3 leather armour.
 26582 | Snake:1  | 26582 ||| DROPPING ring of flight.
 26590 | Snake:2  | Noticed Nikola
 26591 | Snake:2  | 26591 ||| INVOKING Finesse.
 26592 | Snake:2  | 26592 ||| STAIRDANCE
 26624 | Snake:2  | 26624 ||| STAIRDANCE
 26631 | Snake:2  | 26631 ||| STAIRDANCE
 26636 | Snake:2  | 26636 ||| STAIRDANCE
 26749 | Snake:2  | 26749 ||| INVOKING Finesse.
 26750 | Snake:2  | 26750 ||| STAIRDANCE
 26760 | Snake:1  | Killed Nikola
 26921 | Snake:2  | 26921 ||| STAIRDANCE
 26935 | Snake:2  | 26935 ||| INVOKING Finesse.
 26937 | Snake:2  | 26937 ||| STAIRDANCE
 27088 | Snake:2  | 27088 ||| STAIRDANCE
 27096 | Snake:2  | 27096 ||| STAIRDANCE
 27111 | Snake:2  | 27111 ||| STAIRDANCE
 27144 | Snake:2  | 27144 ||| STAIRDANCE
 27230 | Snake:2  | Found a hide-covered altar of Uskayaw.
 27325 | Snake:2  | 27325 ||| RETREEAATING.
 27326 | Snake:2  | 27326 ||| STILL RETREEAATING.
 27327 | Snake:2  | 27327 ||| STILL RETREEAATING.
 27329 | Snake:2  | 27329 ||| STILL RETREEAATING.
 27330 | Snake:2  | 27330 ||| STILL RETREEAATING.
 27331 | Snake:2  | 27331 ||| STILL RETREEAATING.
 27333 | Snake:2  | 27333 ||| STILL RETREEAATING.
 27334 | Snake:2  | 27334 ||| STILL RETREEAATING.
 27336 | Snake:2  | 27336 ||| STILL RETREEAATING.
 27337 | Snake:2  | 27337 ||| STILL RETREEAATING.
 27338 | Snake:2  | 27338 ||| STILL RETREEAATING.
 27342 | Snake:2  | 27342 ||| STILL RETREEAATING.
 27346 | Snake:2  | Noticed Vashnia
 27347 | Snake:2  | 27347 ||| STILL RETREEAATING.
 27348 | Snake:2  | 27348 ||| STILL RETREEAATING.
 27349 | Snake:2  | 27349 ||| STILL RETREEAATING.
 27351 | Snake:2  | 27351 ||| FLEEEEING.
 27354 | Snake:2  | 27354 ||| STAIRDANCE
 27394 | Snake:2  | 27394 ||| INVOKING Heroism.
 27395 | Snake:2  | 27395 ||| STAIRDANCE
 27407 | Snake:2  | 27407 ||| RETREEAATING.
 27408 | Snake:2  | 27408 ||| STILL RETREEAATING.
 27409 | Snake:2  | 27409 ||| STILL RETREEAATING.
 27410 | Snake:2  | 27410 ||| STILL RETREEAATING.
 27411 | Snake:2  | 27411 ||| STILL RETREEAATING.
 27413 | Snake:2  | 27413 ||| STILL RETREEAATING.
 27414 | Snake:2  | 27414 ||| STILL RETREEAATING.
 27415 | Snake:2  | 27415 ||| INVOKING Heroism.
 27433 | Snake:2  | 27433 ||| Stepping ~*~*~tactically~*~*~ (retreating).
 27434 | Snake:2  | 27434 ||| Stepping ~*~*~tactically~*~*~ (retreating).
 27435 | Snake:2  | 27435 ||| Stepping ~*~*~tactically~*~*~ (retreating).
 27435 | Snake:2  | HP: 28/115 [naga sharpshooter/arrow[Vashnia] (8)]
 27436 | Snake:2  | 27436 ||| READING 14 scrolls of teleportation.
 27437 | Snake:2  | 27437 ||| DRINKING 2 potions of heal wounds.
 27467 | Snake:2  | 27467 ||| FLEEEEING.
 27477 | Snake:2  | 27477 ||| STAIRDANCE
 27630 | Snake:2  | 27630 ||| READING scroll of brand weapon.
 27630 | Snake:2  | 27630 ||| BRANDING +2 hand cannon of electrocution.
 27721 | Snake:2  | 27721 ||| RETREEAATING.
 27725 | Snake:2  | 27725 ||| STILL RETREEAATING.
 27726 | Snake:2  | 27726 ||| STILL RETREEAATING.
 27729 | Snake:2  | 27729 ||| STILL RETREEAATING.
 27732 | Snake:2  | 27732 ||| STILL RETREEAATING.
 27733 | Snake:2  | 27733 ||| STILL RETREEAATING.
 27734 | Snake:2  | 27734 ||| INVOKING Heroism.
 27735 | Snake:2  | 27735 ||| STILL RETREEAATING.
 27736 | Snake:2  | 27736 ||| STILL RETREEAATING.
 27745 | Snake:2  | 27745 ||| RETREEAATING.
 27746 | Snake:2  | 27746 ||| STILL RETREEAATING.
 27747 | Snake:2  | 27747 ||| STILL RETREEAATING.
 27749 | Snake:2  | 27749 ||| STILL RETREEAATING.
 27755 | Snake:2  | 27755 ||| STILL RETREEAATING.
 27757 | Snake:2  | 27757 ||| INVOKING Heroism.
 27773 | Snake:2  | Killed Vashnia
 27953 | Snake:3  | 27953 ||| Stepping ~*~*~tactically~*~*~ (retreating).
 27954 | Snake:3  | 27954 ||| Stepping ~*~*~tactically~*~*~ (retreating).
 28006 | Snake:3  | Reached XP level 18. HP: 120/120 MP: 22/22
 28307 | Snake:3  | 28307 ||| INVOKING Finesse.
 28309 | Snake:3  | 28309 ||| RETREEAATING.
 28310 | Snake:3  | 28310 ||| STILL RETREEAATING.
 28311 | Snake:3  | 28311 ||| Stepping ~*~*~tactically~*~*~ (retreating).
 28312 | Snake:3  | 28312 ||| Stepping ~*~*~tactically~*~*~ (retreating).
 28313 | Snake:3  | 28313 ||| Stepping ~*~*~tactically~*~*~ (retreating).
 28314 | Snake:3  | 28314 ||| Stepping ~*~*~tactically~*~*~ (retreating).
 28320 | Snake:3  | 28320 ||| RETREEAATING.
 28321 | Snake:3  | 28321 ||| STILL RETREEAATING.
 28322 | Snake:3  | 28322 ||| STILL RETREEAATING.
 28323 | Snake:3  | 28323 ||| STILL RETREEAATING.
 28324 | Snake:3  | 28324 ||| STILL RETREEAATING.
 28331 | Snake:3  | 28331 ||| STILL RETREEAATING.
 28334 | Snake:3  | 28334 ||| STILL RETREEAATING.
 28435 | Snake:3  | Found a sparkling altar of Nemelex Xobeh.
 28494 | Snake:3  | Reached skill level 24 in Ranged Weapons
 28494 | Snake:3  | 28494 ||| FLEEEEING.
 28541 | Snake:3  | 28541 ||| Stepping ~*~*~tactically~*~*~ (retreating).
 28542 | Snake:3  | 28542 ||| Stepping ~*~*~tactically~*~*~ (retreating).
 28543 | Snake:3  | 28543 ||| Stepping ~*~*~tactically~*~*~ (retreating).
 28544 | Snake:3  | 28544 ||| Stepping ~*~*~tactically~*~*~ (retreating).
 28552 | Snake:3  | 28552 ||| RETREEAATING.
 28560 | Snake:3  | Received a gift from Okawaru
 28752 | Snake:3  | 28752 ||| PLANNING SHOALS:4
 28935 | Shoals:4 | Entered Level 4 of the Shoals
 28936 | Shoals:4 | 28936 ||| INVOKING Finesse.
 28937 | Shoals:4 | 28937 ||| STAIRDANCE
 28965 | Shoals:4 | 28965 ||| STAIRDANCE
 29000 | Shoals:4 | 29000 ||| STAIRDANCE
 29022 | Shoals:4 | 29022 ||| RETREEAATING.
 29023 | Shoals:4 | 29023 ||| STILL RETREEAATING.
 29024 | Shoals:4 | 29024 ||| STILL RETREEAATING.
 29025 | Shoals:4 | 29025 ||| STILL RETREEAATING.
 29025 | Shoals:4 | Found the +12 glaive of Prune {freeze, Prune}
 29026 | Shoals:4 | 29026 ||| STILL RETREEAATING.
 29063 | Shoals:4 | 29063 ||| RETREEAATING.
 29066 | Shoals:4 | 29066 ||| INVOKING Finesse.
 29258 | Shoals:4 | Identified the +0 falchion "Pusuix" {chaos, Will+}
 29568 | Shoals:4 | Got a barnacled rune of Zot
 29583 | Shoals:4 | Received a gift from Okawaru
 29906 | Shoals:4 | 29906 ||| PLANNING VAULTS:1-4
 29906 | Shoals:4 | 29906 ||| DROPPING +4 ring of slaying {mikee}.
 30185 | Vaults:1 | Entered Level 1 of the Vaults
 30194 | Vaults:1 | 30194 ||| RETREEAATING.
 30195 | Vaults:1 | 30195 ||| STILL RETREEAATING.
 30196 | Vaults:1 | 30196 ||| STILL RETREEAATING.
 30197 | Vaults:1 | 30197 ||| STILL RETREEAATING.
 30198 | Vaults:1 | 30198 ||| STILL RETREEAATING.
 30199 | Vaults:1 | 30199 ||| STILL RETREEAATING.
 30201 | Vaults:1 | 30201 ||| INVOKING Finesse.
 30349 | Vaults:1 | 30349 ||| FLEEEEING.
 30350 | Vaults:1 | 30350 ||| FLEEEEING.
 30351 | Vaults:1 | 30351 ||| FLEEEEING.
 30352 | Vaults:1 | 30352 ||| FLEEEEING.
 30353 | Vaults:1 | 30353 ||| FLEEEEING.
 30354 | Vaults:1 | 30354 ||| FLEEEEING.
 30355 | Vaults:1 | 30355 ||| FLEEEEING.
 30356 | Vaults:1 | 30356 ||| FLEEEEING.
 30357 | Vaults:1 | 30357 ||| FLEEEEING.
 30358 | Vaults:1 | 30358 ||| FLEEEEING.
 30359 | Vaults:1 | 30359 ||| FLEEEEING.
 30360 | Vaults:1 | 30360 ||| FLEEEEING.
 30361 | Vaults:1 | 30361 ||| FLEEEEING.
 30362 | Vaults:1 | 30362 ||| FLEEEEING.
 30363 | Vaults:1 | 30363 ||| FLEEEEING.
 30364 | Vaults:1 | 30364 ||| FLEEEEING.
 30365 | Vaults:1 | 30365 ||| FLEEEEING.
 30366 | Vaults:1 | 30366 ||| FLEEEEING.
 30367 | Vaults:1 | 30367 ||| FLEEEEING.
 30440 | Vaults:1 | Found Vipod's Weapon Shop.
 30537 | Vaults:1 | 30537 ||| RETREEAATING.
 30554 | Vaults:1 | Reached skill level 18 in Fighting
 30652 | Vaults:1 | Found a portal to a secret trove of treasure.
 30835 | Vaults:1 | Received a gift from Okawaru
 31067 | Vaults:1 | 31067 ||| FLEEEEING.
 31069 | Vaults:1 | 31069 ||| RETREEAATING.
 31070 | Vaults:1 | 31070 ||| STILL RETREEAATING.
 31071 | Vaults:1 | 31071 ||| STILL RETREEAATING.
 31072 | Vaults:1 | 31072 ||| STILL RETREEAATING.
 31073 | Vaults:1 | 31073 ||| STILL RETREEAATING.
 31074 | Vaults:1 | 31074 ||| STILL RETREEAATING.
 31075 | Vaults:1 | 31075 ||| STILL RETREEAATING.
 31076 | Vaults:1 | 31076 ||| STILL RETREEAATING.
 31077 | Vaults:1 | 31077 ||| Stepping ~*~*~tactically~*~*~ (retreating).
 31078 | Vaults:1 | 31078 ||| Stepping ~*~*~tactically~*~*~ (retreating).
 31079 | Vaults:1 | 31079 ||| Stepping ~*~*~tactically~*~*~ (retreating).
 31080 | Vaults:1 | 31080 ||| Stepping ~*~*~tactically~*~*~ (retreating).
 31085 | Vaults:1 | 31085 ||| Stepping ~*~*~tactically~*~*~ (retreating).
 31086 | Vaults:1 | 31086 ||| Stepping ~*~*~tactically~*~*~ (retreating).
 31087 | Vaults:1 | 31087 ||| Stepping ~*~*~tactically~*~*~ (retreating).
 31088 | Vaults:1 | 31088 ||| Stepping ~*~*~tactically~*~*~ (retreating).
 31090 | Vaults:1 | 31090 ||| FLEEEEING.
 31091 | Vaults:1 | 31091 ||| INVOKING Finesse.
 31138 | Vaults:1 | HP: 9/125 [titanic slime creature (70)]
 31139 | Vaults:1 | 31139 ||| READING 13 scrolls of teleportation.
 31140 | Vaults:1 | 31140 ||| DRINKING 2 potions of heal wounds.
 31141 | Vaults:1 | 31141 ||| DRINKING potion of heal wounds.
 31167 | Vaults:1 | HP: 29/125 [yaktaur captain/bolt (21)]
 31168 | Vaults:1 | 31168 ||| READING 12 scrolls of teleportation.
 31178 | Vaults:1 | 31178 ||| FLEEEEING.
 31179 | Vaults:1 | 31179 ||| FLEEEEING.
 31180 | Vaults:1 | 31180 ||| FLEEEEING.
 31181 | Vaults:1 | 31181 ||| FLEEEEING.
 31182 | Vaults:1 | 31182 ||| FLEEEEING.
 31183 | Vaults:1 | 31183 ||| FLEEEEING.
 31184 | Vaults:1 | 31184 ||| FLEEEEING.
 31185 | Vaults:1 | 31185 ||| FLEEEEING.
 31186 | Vaults:1 | 31186 ||| FLEEEEING.
 31187 | Vaults:1 | 31187 ||| FLEEEEING.
 31188 | Vaults:1 | 31188 ||| FLEEEEING.
 31189 | Vaults:1 | 31189 ||| FLEEEEING.
 31190 | Vaults:1 | 31190 ||| FLEEEEING.
 31191 | Vaults:1 | 31191 ||| FLEEEEING.
 31192 | Vaults:1 | 31192 ||| FLEEEEING.
 31195 | Vaults:1 | 31195 ||| FLEEEEING.
 31196 | Vaults:1 | 31196 ||| FLEEEEING.
 31199 | Vaults:1 | 31199 ||| STAIRDANCE
 31408 | Vaults:1 | 31408 ||| STAIRDANCE
 31414 | Vaults:1 | 31414 ||| STAIRDANCE
 31423 | Vaults:1 | 31423 ||| STAIRDANCE
 31431 | Vaults:1 | 31431 ||| STAIRDANCE
 31438 | Vaults:1 | 31438 ||| STAIRDANCE
 31444 | Vaults:1 | 31444 ||| STAIRDANCE
 31725 | Vaults:1 | 31725 ||| FLEEEEING.
 31726 | Vaults:1 | 31726 ||| FLEEEEING.
 31727 | Vaults:1 | 31727 ||| FLEEEEING.
 31732 | Vaults:1 | 31732 ||| FLEEEEING.
 31733 | Vaults:1 | 31733 ||| FLEEEEING.
 31734 | Vaults:1 | 31734 ||| FLEEEEING.
 31735 | Vaults:1 | 31735 ||| FLEEEEING.
 31736 | Vaults:1 | 31736 ||| FLEEEEING.
 31737 | Vaults:1 | 31737 ||| FLEEEEING.
 31738 | Vaults:1 | 31738 ||| FLEEEEING.
 31739 | Vaults:1 | 31739 ||| FLEEEEING.
 31740 | Vaults:1 | 31740 ||| FLEEEEING.
 31741 | Vaults:1 | 31741 ||| FLEEEEING.
 31742 | Vaults:1 | 31742 ||| FLEEEEING.
 31743 | Vaults:1 | 31743 ||| FLEEEEING.
 31744 | Vaults:1 | 31744 ||| FLEEEEING.
 31745 | Vaults:1 | 31745 ||| FLEEEEING.
 31746 | Vaults:1 | 31746 ||| FLEEEEING.
 31747 | Vaults:1 | 31747 ||| FLEEEEING.
 31748 | Vaults:1 | 31748 ||| FLEEEEING.
 31749 | Vaults:1 | 31749 ||| FLEEEEING.
 31750 | Vaults:1 | 31750 ||| FLEEEEING.
 31751 | Vaults:1 | 31751 ||| FLEEEEING.
 31752 | Vaults:1 | 31752 ||| FLEEEEING.
 31753 | Vaults:1 | 31753 ||| FLEEEEING.
 31754 | Vaults:1 | 31754 ||| FLEEEEING.
 31755 | Vaults:1 | 31755 ||| FLEEEEING.
 31756 | Vaults:1 | 31756 ||| FLEEEEING.
 31757 | Vaults:1 | 31757 ||| FLEEEEING.
 31758 | Vaults:1 | 31758 ||| FLEEEEING.
 31759 | Vaults:1 | 31759 ||| FLEEEEING.
 31760 | Vaults:1 | 31760 ||| FLEEEEING.
 31761 | Vaults:1 | 31761 ||| FLEEEEING.
 31762 | Vaults:1 | 31762 ||| FLEEEEING.
 31763 | Vaults:1 | 31763 ||| FLEEEEING.
 31768 | Vaults:1 | 31768 ||| FLEEEEING.
 31769 | Vaults:1 | 31769 ||| FLEEEEING.
 31770 | Vaults:1 | 31770 ||| FLEEEEING.
 31771 | Vaults:1 | 31771 ||| FLEEEEING.
 31772 | Vaults:1 | 31772 ||| FLEEEEING.
 31773 | Vaults:1 | 31773 ||| FLEEEEING.
 31774 | Vaults:1 | 31774 ||| FLEEEEING.
 31951 | Vaults:1 | Received a gift from Okawaru
 32024 | Vaults:1 | 32024 ||| INVOKING Finesse.
 32095 | Vaults:1 | 32095 ||| RETREEAATING.
 32096 | Vaults:1 | 32096 ||| STILL RETREEAATING.
 32097 | Vaults:1 | 32097 ||| STILL RETREEAATING.
 32098 | Vaults:1 | 32098 ||| STILL RETREEAATING.
 32099 | Vaults:1 | 32099 ||| STILL RETREEAATING.
 32105 | Vaults:1 | 32105 ||| Stepping ~*~*~tactically~*~*~ (retreating).
 32106 | Vaults:1 | 32106 ||| Stepping ~*~*~tactically~*~*~ (retreating).
 32107 | Vaults:1 | 32107 ||| Stepping ~*~*~tactically~*~*~ (retreating).
 32108 | Vaults:1 | 32108 ||| Stepping ~*~*~tactically~*~*~ (retreating).
 32109 | Vaults:1 | 32109 ||| Stepping ~*~*~tactically~*~*~ (retreating).
 32110 | Vaults:1 | 32110 ||| Stepping ~*~*~tactically~*~*~ (retreating).
 32111 | Vaults:1 | 32111 ||| Stepping ~*~*~tactically~*~*~ (retreating).
 32112 | Vaults:1 | 32112 ||| Stepping ~*~*~tactically~*~*~ (retreating).
 32113 | Vaults:1 | 32113 ||| Stepping ~*~*~tactically~*~*~ (retreating).
 32114 | Vaults:1 | 32114 ||| Stepping ~*~*~tactically~*~*~ (retreating).
 32115 | Vaults:1 | 32115 ||| Stepping ~*~*~tactically~*~*~ (retreating).
 32116 | Vaults:1 | 32116 ||| Stepping ~*~*~tactically~*~*~ (retreating).
 32117 | Vaults:1 | 32117 ||| Stepping ~*~*~tactically~*~*~ (retreating).
 32122 | Vaults:1 | 32122 ||| INVOKING Finesse.
 32355 | Vaults:1 | Reached XP level 19. HP: 125/131 MP: 23/23
 32379 | Vaults:1 | 32379 ||| RETREEAATING.
 32381 | Vaults:1 | 32381 ||| STILL RETREEAATING.
 32384 | Vaults:1 | 32384 ||| RETREEAATING.
 32387 | Vaults:1 | 32387 ||| Stepping ~*~*~tactically~*~*~ (retreating).
 32958 | Vaults:1 | 32958 ||| DROPPING +2 pair of boots.
 32959 | Vaults:1 | 32959 ||| DROPPING +1 pair of gloves.
 32960 | Vaults:1 | 32960 ||| READING 17 scrolls of identify.
 32960 | Vaults:1 | 32960 ||| IDENTIFYING emerald potion
 32961 | Vaults:1 | 32961 ||| DROPPING potion of berserk rage.
 32988 | Vaults:2 | Noticed Margery
 32988 | Vaults:2 | 32988 ||| DRINKING 2 potions of resistance.
 32989 | Vaults:2 | 32989 ||| INVOKING Finesse.
 32990 | Vaults:2 | 32990 ||| Stepping ~*~*~tactically~*~*~ (retreating).
 32991 | Vaults:2 | 32991 ||| Stepping ~*~*~tactically~*~*~ (retreating).
 32992 | Vaults:2 | 32992 ||| Stepping ~*~*~tactically~*~*~ (retreating).
 32993 | Vaults:2 | 32993 ||| Stepping ~*~*~tactically~*~*~ (retreating).
 33003 | Vaults:2 | 33003 ||| Stepping ~*~*~tactically~*~*~ (retreating).
 33005 | Vaults:2 | 33005 ||| Stepping ~*~*~tactically~*~*~ (retreating).
 33006 | Vaults:2 | Killed Margery
 33014 | Vaults:2 | 33014 ||| Stepping ~*~*~tactically~*~*~ (retreating).
 33015 | Vaults:2 | 33015 ||| Stepping ~*~*~tactically~*~*~ (retreating).
 33020 | Vaults:2 | 33020 ||| Stepping ~*~*~tactically~*~*~ (retreating).
 33020 | Vaults:2 | HP: 28/132 [Margery the human simulacrum (17)]
 33021 | Vaults:2 | 33021 ||| READING 14 scrolls of teleportation.
 33022 | Vaults:2 | 33022 ||| Stepping ~*~*~tactically~*~*~ (retreating).
 33051 | Vaults:2 | Noticed Zenata
 33052 | Vaults:2 | 33052 ||| INVOKING Finesse.
 33052 | Vaults:2 | HP: 33/132 [Zenata/+5 bardiche of venom (3)]
 33053 | Vaults:2 | 33053 ||| READING 13 scrolls of teleportation.
 33056 | Vaults:2 | 33056 ||| Stepping ~*~*~tactically~*~*~ (retreating).
 33058 | Vaults:2 | HP: 27/132 [deep troll[an ironbound preserver] (8)]
 33060 | Vaults:2 | Received a gift from Okawaru
 33170 | Vaults:2 | 33170 ||| INVOKING Finesse.
 33174 | Vaults:2 | Killed Zenata
 33240 | Vaults:2 | 33240 ||| INVOKING Finesse.
 33259 | Vaults:2 | 33259 ||| Stepping ~*~*~tactically~*~*~ (retreating).
 33264 | Vaults:2 | 33264 ||| Stepping ~*~*~tactically~*~*~ (retreating).
 33317 | Vaults:2 | Received a gift from Okawaru
 33387 | Vaults:2 | 33387 ||| RETREEAATING.
 33388 | Vaults:2 | 33388 ||| STILL RETREEAATING.
 33389 | Vaults:2 | 33389 ||| STILL RETREEAATING.
 33390 | Vaults:2 | 33390 ||| Stepping ~*~*~tactically~*~*~ (retreating).
 33403 | Vaults:2 | HP: 30/134 [centaur warrior/arrow (5)]
 33404 | Vaults:2 | 33404 ||| READING 12 scrolls of teleportation.
 33580 | Vaults:2 | 33580 ||| INVOKING Finesse.
 33722 | Vaults:2 | 33722 ||| READING scroll of enchant weapon.
 33722 | Vaults:2 | 33722 ||| ENCHANTING +2 hand cannon of freezing.
 33934 | Vaults:2 | Found a staircase to the Crypt.
 33944 | Vaults:2 | 33944 ||| INVOKING Finesse.
 33947 | Vaults:2 | 33947 ||| RETREEAATING.
 33948 | Vaults:2 | 33948 ||| STILL RETREEAATING.
 34143 | Vaults:2 | 34143 ||| RETREEAATING.
 34146 | Vaults:2 | 34146 ||| Stepping ~*~*~tactically~*~*~ (retreating).
 34147 | Vaults:2 | 34147 ||| Stepping ~*~*~tactically~*~*~ (retreating).
 34148 | Vaults:2 | 34148 ||| Stepping ~*~*~tactically~*~*~ (retreating).
 34153 | Vaults:2 | 34153 ||| Stepping ~*~*~tactically~*~*~ (retreating).
 34207 | Vaults:2 | 34207 ||| Stepping ~*~*~tactically~*~*~ (retreating).
 34209 | Vaults:2 | 34209 ||| Stepping ~*~*~tactically~*~*~ (retreating).
 34211 | Vaults:2 | 34211 ||| Stepping ~*~*~tactically~*~*~ (retreating).
 34213 | Vaults:2 | 34213 ||| Stepping ~*~*~tactically~*~*~ (retreating).
 34495 | Vaults:2 | Received a gift from Okawaru
 34500 | Vaults:2 | Found Citug's Jewellery Emporium.
 34504 | Vaults:2 | 34504 ||| SHOPLISTING amulet "Mewnasim" {Acrobat -Cast
                  | rC+++ Dex+6 Slay-5} (849 gold, have 529).
 34528 | Vaults:2 | 34528 ||| INVOKING Finesse.
 34678 | Vaults:2 | 34678 ||| READING scroll of enchant weapon.
 34678 | Vaults:2 | 34678 ||| ENCHANTING +3 hand cannon of freezing.
 35074 | Vaults:3 | 35074 ||| INVOKING Finesse.
 35078 | Vaults:3 | 35078 ||| STAIRDANCE
 35134 | Vaults:3 | Reached XP level 20. HP: 132/142 MP: 24/24
 35175 | Vaults:3 | 35175 ||| Stepping ~*~*~tactically~*~*~ (retreating).
 35251 | Vaults:3 | 35251 ||| FLEEEEING.
 35252 | Vaults:3 | 35252 ||| FLEEEEING.
 35253 | Vaults:3 | 35253 ||| FLEEEEING.
 35254 | Vaults:3 | 35254 ||| FLEEEEING.
 35255 | Vaults:3 | 35255 ||| FLEEEEING.
 35256 | Vaults:3 | 35256 ||| FLEEEEING.
 35263 | Vaults:3 | 35263 ||| STAIRDANCE
 35442 | Vaults:3 | 35442 ||| RETREEAATING.
 35443 | Vaults:3 | 35443 ||| STILL RETREEAATING.
 35452 | Vaults:3 | Reached skill level 21 in Fighting
 35472 | Vaults:3 | HP: 21/144 [dire elephant (20)]
 35473 | Vaults:3 | 35473 ||| READING 11 scrolls of teleportation.
 36092 | Vaults:3 | 36092 ||| RETREEAATING.
 36107 | Vaults:3 | Received a gift from Okawaru
 36361 | Vaults:3 | 36361 ||| RETREEAATING.
 36363 | Vaults:3 | 36363 ||| RETREEAATING.
 36385 | Vaults:3 | Reached skill level 12 in Dodging
 36396 | Vaults:3 | 36396 ||| Stepping ~*~*~tactically~*~*~ (retreating).
 36399 | Abyss:3  | Cast into level 3 of the Abyss (vault guard)
 36403 | Abyss:3  | Found a corrupted altar of Lugonu.
 36407 | Vaults:3 | Escaped the Abyss
 36624 | Vaults:3 | 36624 ||| INVOKING Finesse.
 36651 | Vaults:3 | 36651 ||| FLEEEEING.
 36652 | Vaults:3 | 36652 ||| FLEEEEING.
 36657 | Vaults:3 | Reached skill level 12 in Armour
 36861 | Abyss:3  | Cast into level 3 of the Abyss (a wizard)
 36888 | Abyss:3  | 36888 ||| RETREEAATING.
 36889 | Abyss:3  | 36889 ||| Stepping ~*~*~tactically~*~*~ (retreating).
 36890 | Abyss:3  | 36890 ||| Stepping ~*~*~tactically~*~*~ (retreating).
 36891 | Abyss:3  | 36891 ||| Stepping ~*~*~tactically~*~*~ (retreating).
 36892 | Abyss:3  | 36892 ||| Stepping ~*~*~tactically~*~*~ (retreating).
 36893 | Abyss:3  | 36893 ||| Stepping ~*~*~tactically~*~*~ (retreating).
 36896 | Abyss:3  | 36896 ||| Stepping ~*~*~tactically~*~*~ (retreating).
 36897 | Abyss:3  | 36897 ||| Stepping ~*~*~tactically~*~*~ (retreating).
 36898 | Abyss:3  | 36898 ||| Stepping ~*~*~tactically~*~*~ (retreating).
 36899 | Abyss:3  | 36899 ||| Stepping ~*~*~tactically~*~*~ (retreating).
 36900 | Abyss:3  | 36900 ||| INVOKING Finesse.
 36915 | Abyss:3  | 36915 ||| DRINKING 4 potions of cancellation.
 37104 | Abyss:4  | Found a corrupted altar of Lugonu.
 37130 | Abyss:4  | Received a gift from Okawaru
 37140 | Abyss:4  | 37140 ||| RETREEAATING.
 37178 | Abyss:4  | 37178 ||| RETREEAATING.
 37179 | Abyss:4  | 37179 ||| STILL RETREEAATING.
 37180 | Abyss:4  | 37180 ||| STILL RETREEAATING.
 37181 | Abyss:4  | 37181 ||| STILL RETREEAATING.
 37182 | Abyss:4  | 37182 ||| RETREEAATING.
 37183 | Abyss:4  | 37183 ||| STILL RETREEAATING.
 37184 | Abyss:4  | 37184 ||| STILL RETREEAATING.
 37188 | Abyss:4  | 37188 ||| Stepping ~*~*~tactically~*~*~ (retreating).
 37189 | Abyss:4  | 37189 ||| Stepping ~*~*~tactically~*~*~ (retreating).
 37190 | Abyss:4  | 37190 ||| Stepping ~*~*~tactically~*~*~ (retreating).
 37191 | Abyss:4  | 37191 ||| RETREEAATING.
 37191 | Abyss:4  | Paralysed by accursed screaming for 2 turns
 37193 | Abyss:4  | 37193 ||| Stepping ~*~*~tactically~*~*~ (retreating).
 37194 | Abyss:4  | 37194 ||| Stepping ~*~*~tactically~*~*~ (retreating).
 37195 | Abyss:4  | Paralysed by accursed screaming for 1 turns
 37293 | Abyss:4  | 37293 ||| Stepping ~*~*~tactically~*~*~ (retreating).
 37294 | Abyss:4  | 37294 ||| Stepping ~*~*~tactically~*~*~ (retreating).
 37295 | Abyss:4  | 37295 ||| Stepping ~*~*~tactically~*~*~ (retreating).
 37296 | Abyss:4  | 37296 ||| Stepping ~*~*~tactically~*~*~ (retreating).
 37298 | Abyss:4  | 37298 ||| Stepping ~*~*~tactically~*~*~ (retreating).
 37299 | Abyss:4  | 37299 ||| Stepping ~*~*~tactically~*~*~ (retreating).
 37300 | Abyss:4  | 37300 ||| Stepping ~*~*~tactically~*~*~ (retreating).
 37301 | Abyss:4  | 37301 ||| Stepping ~*~*~tactically~*~*~ (retreating).
 37302 | Abyss:4  | 37302 ||| Stepping ~*~*~tactically~*~*~ (retreating).
 37303 | Abyss:4  | 37303 ||| Stepping ~*~*~tactically~*~*~ (retreating).
 37307 | Abyss:4  | 37307 ||| INVOKING Finesse.
 37313 | Abyss:4  | 37313 ||| INVOKING Heroism.
 37322 | Vaults:3 | Escaped the Abyss
 37323 | Vaults:3 | 37323 ||| Stepping ~*~*~tactically~*~*~ (retreating).
 37324 | Vaults:3 | 37324 ||| Stepping ~*~*~tactically~*~*~ (retreating).
 37325 | Vaults:3 | 37325 ||| Stepping ~*~*~tactically~*~*~ (retreating).
 37775 | Vaults:4 | 37775 ||| RETREEAATING.
 37776 | Vaults:4 | 37776 ||| STILL RETREEAATING.
 37777 | Vaults:4 | 37777 ||| Stepping ~*~*~tactically~*~*~ (retreating).
 37779 | Vaults:4 | 37779 ||| Stepping ~*~*~tactically~*~*~ (retreating).
 37780 | Vaults:4 | 37780 ||| Stepping ~*~*~tactically~*~*~ (retreating).
 37781 | Vaults:4 | 37781 ||| Stepping ~*~*~tactically~*~*~ (retreating).
 37784 | Vaults:4 | 37784 ||| INVOKING Finesse.
 37984 | Vaults:4 | 37984 ||| RETREEAATING.
 38066 | Vaults:4 | Received a gift from Okawaru
 38067 | Vaults:4 | 38067 ||| FLEEEEING.
 38068 | Vaults:4 | 38068 ||| STAIRDANCE
 38172 | Vaults:4 | 38172 ||| STAIRDANCE
 38189 | Vaults:4 | 38189 ||| STAIRDANCE
 38194 | Vaults:4 | 38194 ||| STAIRDANCE
 38368 | Vaults:4 | Found a runed translucent door.
 38368 | Vaults:4 | Noticed TPoD's ghost (adept HOMo)
 38560 | Vaults:4 | 38560 ||| RETREEAATING.
 38562 | Vaults:4 | 38562 ||| STILL RETREEAATING.
 38563 | Vaults:4 | 38563 ||| STILL RETREEAATING.
 38564 | Vaults:4 | 38564 ||| STILL RETREEAATING.
 38567 | Vaults:4 | 38567 ||| STILL RETREEAATING.
 38568 | Vaults:4 | 38568 ||| STILL RETREEAATING.
 38729 | Vaults:4 | 38729 ||| RETREEAATING.
 38730 | Vaults:4 | 38730 ||| INVOKING Finesse.
 38758 | Vaults:4 | Reached XP level 21. HP: 145/151 MP: 22/25
 38825 | Vaults:4 | Received a gift from Okawaru
 39113 | Vaults:4 | 39113 ||| RETREEAATING.
 39116 | Vaults:4 | 39116 ||| Stepping ~*~*~tactically~*~*~ (retreating).
 39117 | Vaults:4 | 39117 ||| Stepping ~*~*~tactically~*~*~ (retreating).
 39118 | Vaults:4 | 39118 ||| Stepping ~*~*~tactically~*~*~ (retreating).
 39371 | Vaults:4 | 39371 ||| PLANNING SNAKE:4
 39371 | Vaults:4 | 39371 ||| UPGRADING to +2 cloak of willpower.
 39381 | Vaults:4 | 39381 ||| DROPPING +2 cloak.
 39382 | Vaults:4 | 39382 ||| DROPPING scarf of repulsion.
 39784 | Snake:4  | Entered Level 4 of the Snake Pit
 39798 | Snake:4  | Found Sobaal's Overcharged Wands.
 39810 | Snake:4  | 39810 ||| RETREEAATING.
 39811 | Snake:4  | 39811 ||| STILL RETREEAATING.
 39811 | Snake:4  | Found a glowing golden altar of the Shining One.
 39812 | Snake:4  | 39812 ||| STILL RETREEAATING.
 39813 | Snake:4  | 39813 ||| Stepping ~*~*~tactically~*~*~ (retreating).
 39814 | Snake:4  | 39814 ||| Stepping ~*~*~tactically~*~*~ (retreating).
 39829 | Snake:4  | 39829 ||| INVOKING Finesse.
 39844 | Snake:4  | 39844 ||| Stepping ~*~*~tactically~*~*~ (retreating).
 39845 | Snake:4  | 39845 ||| Stepping ~*~*~tactically~*~*~ (retreating).
 39846 | Snake:4  | 39846 ||| Stepping ~*~*~tactically~*~*~ (retreating).
 39847 | Snake:4  | 39847 ||| Stepping ~*~*~tactically~*~*~ (retreating).
 39848 | Snake:4  | 39848 ||| Stepping ~*~*~tactically~*~*~ (retreating).
 40157 | Snake:4  | 40157 ||| Stepping ~*~*~tactically~*~*~ (retreating).
 40158 | Snake:4  | 40158 ||| Stepping ~*~*~tactically~*~*~ (retreating).
 40159 | Snake:4  | 40159 ||| Stepping ~*~*~tactically~*~*~ (retreating).
 40160 | Snake:4  | 40160 ||| Stepping ~*~*~tactically~*~*~ (retreating).
 40161 | Snake:4  | 40161 ||| Stepping ~*~*~tactically~*~*~ (retreating).
 40256 | Snake:4  | Found Fyupnip's Jewellery Emporium.
 40361 | Snake:4  | Identified the ring "Xuli" {Int+4 Dex+6}
 40456 | Snake:4  | 40456 ||| Stepping ~*~*~tactically~*~*~ (retreating).
 40457 | Snake:4  | 40457 ||| Stepping ~*~*~tactically~*~*~ (retreating).
 40564 | Snake:4  | 40564 ||| FLEEEEING.
 40565 | Snake:4  | 40565 ||| FLEEEEING.
 40566 | Snake:4  | 40566 ||| FLEEEEING.
 40567 | Snake:4  | 40567 ||| FLEEEEING.
 40568 | Snake:4  | 40568 ||| FLEEEEING.
 40569 | Snake:4  | 40569 ||| FLEEEEING.
 40570 | Snake:4  | 40570 ||| FLEEEEING.
 40629 | Snake:4  | 40629 ||| RETREEAATING.
 40631 | Snake:4  | 40631 ||| FLEEEEING.
 40804 | Snake:4  | 40804 ||| Stepping ~*~*~tactically~*~*~ (retreating).
 40960 | Snake:4  | 40960 ||| READING scroll of enchant weapon.
 40960 | Snake:4  | 40960 ||| ENCHANTING +4 hand cannon of freezing.
 40994 | Snake:4  | 40994 ||| RETREEAATING.
 40996 | Snake:4  | 40996 ||| STILL RETREEAATING.
 40998 | Snake:4  | 40998 ||| FLEEEEING.
 40999 | Snake:4  | 40999 ||| FLEEEEING.
 41000 | Snake:4  | 41000 ||| FLEEEEING.
 41011 | Snake:4  | 41011 ||| FLEEEEING.
 41012 | Snake:4  | 41012 ||| FLEEEEING.
 41129 | Snake:4  | 41129 ||| FLEEEEING.
 41130 | Snake:4  | 41130 ||| FLEEEEING.
 41144 | Snake:4  | 41144 ||| FLEEEEING.
 41212 | Snake:4  | 41212 ||| FLEEEEING.
 41213 | Snake:4  | 41213 ||| FLEEEEING.
 41229 | Snake:4  | Received a gift from Okawaru
 41350 | Snake:4  | 41350 ||| RETREEAATING.
 41351 | Snake:4  | 41351 ||| STILL RETREEAATING.
 41398 | Snake:4  | 41398 ||| RETREEAATING.
 41441 | Snake:4  | 41441 ||| INVOKING Finesse.
 41498 | Snake:4  | Got a serpentine rune of Zot
 41499 | Snake:4  | 41499 ||| PLANNING DEPTHS
 41499 | Snake:4  | 41499 ||| DROPPING +5 ring of evasion.
 41902 | Depths:1 | Entered Level 1 of the Depths
 41904 | Depths:1 | 41904 ||| STAIRDANCE
 41988 | Depths:1 | 41988 ||| STAIRDANCE
 42091 | Depths:1 | Found Arops's Book Shop.
 42096 | Depths:1 | 42096 ||| Stepping ~*~*~tactically~*~*~ (retreating).
 42097 | Depths:1 | 42097 ||| Stepping ~*~*~tactically~*~*~ (retreating).
 42098 | Depths:1 | 42098 ||| Stepping ~*~*~tactically~*~*~ (retreating).
 42099 | Depths:1 | 42099 ||| Stepping ~*~*~tactically~*~*~ (retreating).
 42100 | Depths:1 | 42100 ||| INVOKING Finesse.
 42101 | Depths:1 | Received a gift from Okawaru
 42305 | Depths:1 | 42305 ||| RETREEAATING.
 42313 | Depths:1 | 42313 ||| Stepping ~*~*~tactically~*~*~ (retreating).
 42319 | Depths:1 | 42319 ||| STILL RETREEAATING.
 42319 | Depths:1 | 42319 ||| PLANNING DEPTHS
 42342 | Depths:1 | 42342 ||| FLEEEEING.
 42351 | Depths:1 | Noticed a caustic shrike
 42352 | Depths:1 | 42352 ||| INVOKING Finesse.
 42361 | Depths:1 | Killed a caustic shrike
 42398 | Depths:1 | Noticed a juggernaut
 42400 | Depths:1 | 42400 ||| RETREEAATING.
 42409 | Depths:1 | Killed a juggernaut
 42530 | Depths:1 | 42530 ||| RETREEAATING.
 42531 | Depths:1 | 42531 ||| STILL RETREEAATING.
 42532 | Depths:1 | 42532 ||| STILL RETREEAATING.
 42534 | Depths:1 | 42534 ||| STILL RETREEAATING.
 42538 | Depths:1 | 42538 ||| INVOKING Finesse.
 42540 | Depths:1 | 42540 ||| Stepping ~*~*~tactically~*~*~ (retreating).
 42541 | Depths:1 | 42541 ||| Stepping ~*~*~tactically~*~*~ (retreating).
 42608 | Depths:1 | Found a one-way gate to the infinite horrors of the Abyss.
 42631 | Depths:1 | 42631 ||| READING scroll of enchant weapon.
 42631 | Depths:1 | 42631 ||| ENCHANTING +5 hand cannon of freezing.
 42994 | Depths:1 | Received a gift from Okawaru
 43029 | Depths:1 | 43029 ||| Stepping ~*~*~tactically~*~*~ (retreating).
 43033 | Depths:1 | 43033 ||| Stepping ~*~*~tactically~*~*~ (retreating).
 43034 | Depths:1 | 43034 ||| Stepping ~*~*~tactically~*~*~ (retreating).
 43035 | Depths:1 | 43035 ||| Stepping ~*~*~tactically~*~*~ (retreating).
 43036 | Depths:1 | 43036 ||| RETREEAATING.
 43037 | Depths:1 | 43037 ||| STILL RETREEAATING.
 43040 | Depths:1 | 43040 ||| Stepping ~*~*~tactically~*~*~ (retreating).
 43042 | Depths:1 | 43042 ||| Stepping ~*~*~tactically~*~*~ (retreating).
 43043 | Depths:1 | 43043 ||| Stepping ~*~*~tactically~*~*~ (retreating).
 43046 | Depths:1 | 43046 ||| Stepping ~*~*~tactically~*~*~ (retreating).
 43094 | Depths:1 | Reached XP level 22. HP: 160/160 MP: 26/26
 43124 | Depths:1 | Found a gateway to Hell.
 43187 | Depths:1 | 43187 ||| DROPPING +1 leather armour of fire resistance.
 43215 | Depths:2 | 43215 ||| STAIRDANCE
 43267 | Depths:2 | 43267 ||| STAIRDANCE
 43272 | Depths:1 | 43272 ||| PLANNING DEPTHS
 43274 | Depths:2 | 43274 ||| STAIRDANCE
 43362 | Depths:2 | 43362 ||| INVOKING Finesse.
 43372 | Depths:2 | 43372 ||| STAIRDANCE
 43490 | Depths:2 | 43490 ||| RETREEAATING.
 43491 | Depths:2 | 43491 ||| STILL RETREEAATING.
 43492 | Depths:2 | 43492 ||| STILL RETREEAATING.
 43500 | Depths:2 | 43500 ||| Stepping ~*~*~tactically~*~*~ (retreating).
 43501 | Depths:2 | 43501 ||| INVOKING Finesse.
 43530 | Depths:2 | Received a gift from Okawaru
 43535 | Depths:2 | 43535 ||| Stepping ~*~*~tactically~*~*~ (retreating).
 43542 | Depths:2 | Reached skill level 24 in Fighting
 43802 | Depths:2 | 43802 ||| RETREEAATING.
 43899 | Depths:2 | 43899 ||| Stepping ~*~*~tactically~*~*~ (retreating).
 44064 | Depths:2 | Reached skill level 15 in Armour
 44090 | Depths:2 | 44090 ||| RETREEAATING.
 44091 | Depths:2 | 44091 ||| INVOKING Finesse.
 44096 | Depths:2 | 44096 ||| Stepping ~*~*~tactically~*~*~ (retreating).
 44108 | Depths:2 | 44108 ||| Stepping ~*~*~tactically~*~*~ (retreating).
 44109 | Depths:2 | 44109 ||| Stepping ~*~*~tactically~*~*~ (retreating).
 44110 | Depths:2 | Received a gift from Okawaru
 44112 | Depths:2 | 44112 ||| Stepping ~*~*~tactically~*~*~ (retreating).
 44113 | Depths:2 | 44113 ||| Stepping ~*~*~tactically~*~*~ (retreating).
 44120 | Depths:2 | 44120 ||| Stepping ~*~*~tactically~*~*~ (retreating).
 44144 | Depths:2 | 44144 ||| INVOKING Finesse.
 44221 | Depths:2 | Found a one-way gate leading to the halls of Pandemonium.
 44370 | Depths:2 | Noticed Norris
 44371 | Depths:2 | 44371 ||| INVOKING Finesse.
 44391 | Depths:2 | Killed Norris
 44425 | Depths:2 | 44425 ||| RETREEAATING.
 44427 | Depths:2 | 44427 ||| RETREEAATING.
 44436 | Depths:2 | 44436 ||| RETREEAATING.
 44553 | Depths:2 | Identified the +0 ring mail of Inference {Will+ rCorr}
 44630 | Depths:2 | Noticed a juggernaut
 44631 | Depths:2 | Found a runed translucent door.
 44633 | Depths:2 | Noticed a juggernaut
 44647 | Depths:2 | 44647 ||| DROPPING +0 ring mail of Inference {Will+ rCorr}.
 44679 | Depths:3 | 44679 ||| INVOKING Finesse.
 44680 | Depths:3 | 44680 ||| STAIRDANCE
 44759 | Depths:3 | 44759 ||| INVOKING Finesse.
 44760 | Depths:3 | 44760 ||| STAIRDANCE
 44840 | Depths:3 | 44840 ||| STAIRDANCE
 44842 | Depths:2 | 44842 ||| INVOKING Finesse.
 45039 | Depths:3 | 45039 ||| STAIRDANCE
 45100 | Depths:3 | 45100 ||| INVOKING Finesse.
 45101 | Depths:3 | 45101 ||| STAIRDANCE
 45181 | Depths:3 | 45181 ||| INVOKING Finesse.
 45182 | Depths:3 | 45182 ||| STAIRDANCE
 45261 | Depths:3 | 45261 ||| INVOKING Heroism.
 45262 | Depths:3 | 45262 ||| STAIRDANCE
 45328 | Depths:3 | 45328 ||| INVOKING Heroism.
 45577 | Depths:3 | Found Ysmoabb's Antique Armour Boutique.
 45591 | Depths:3 | Reached skill level 15 in Dodging
 45625 | Depths:3 | 45625 ||| BUYING glowing ring mail (217 gold).
 45625 | Depths:3 | Bought a glowing ring mail for 217 gold pieces
 45625 | Depths:3 | 45625 ||| BUYING runed ring mail (217 gold).
 45625 | Depths:3 | Bought a runed ring mail for 217 gold pieces
 45690 | Depths:3 | Found Ziephan's Antique Weapon Shoppe.
 45693 | Depths:3 | 45693 ||| RETREEAATING.
 45694 | Depths:3 | 45694 ||| STILL RETREEAATING.
 45698 | Depths:3 | 45698 ||| Stepping ~*~*~tactically~*~*~ (retreating).
 45708 | Depths:3 | 45708 ||| FLEEEEING.
 45709 | Depths:3 | 45709 ||| FLEEEEING.
 45710 | Depths:3 | 45710 ||| FLEEEEING.
 45711 | Depths:3 | 45711 ||| FLEEEEING.
 45712 | Depths:3 | 45712 ||| FLEEEEING.
 45713 | Depths:3 | 45713 ||| FLEEEEING.
 45714 | Depths:3 | 45714 ||| FLEEEEING.
 45715 | Depths:3 | 45715 ||| STAIRDANCE
 45829 | Depths:2 | 45829 ||| DROPPING +2 robe of resistance.
 45830 | Depths:2 | 45830 ||| DROPPING +3 ring mail of willpower.
 46041 | Depths:3 | Found Dumiech's General Store.
 46044 | Depths:3 | Found Gisughec's Weapon Emporium.
 46044 | Depths:3 | Found Qixtaop's Antique Weapon Shoppe.
 46062 | Depths:3 | 46062 ||| BUYING potion of curing (42 gold).
 46062 | Depths:3 | Bought a potion of curing for 42 gold pieces
 46287 | Depths:3 | You are sucked into a shaft and drop 1 floor!
 46287 | Depths:4 | Entered Level 4 of the Depths
 46290 | Depths:4 | Noticed a golden dragon
 46291 | Depths:4 | 46291 ||| INVOKING Finesse.
 46297 | Depths:4 | Killed a golden dragon
 46357 | Depths:4 | Noticed Boris
 46360 | Depths:4 | Noticed a juggernaut
 46361 | Depths:4 | 46361 ||| RETREEAATING.
 46362 | Depths:4 | 46362 ||| STILL RETREEAATING.
 46363 | Depths:4 | 46363 ||| INVOKING Heroism.
 46373 | Depths:4 | Killed a juggernaut
 46378 | Depths:4 | 46378 ||| Stepping ~*~*~tactically~*~*~ (retreating).
 46379 | Depths:4 | 46379 ||| Stepping ~*~*~tactically~*~*~ (retreating).
 46381 | Depths:4 | 46381 ||| Stepping ~*~*~tactically~*~*~ (retreating).
 46382 | Depths:4 | Noticed Vv
 46383 | Depths:4 | 46383 ||| DRINKING potion of resistance.
 46384 | Depths:4 | 46384 ||| INVOKING Finesse.
 46385 | Depths:4 | 46385 ||| Stepping ~*~*~tactically~*~*~ (retreating).
 46390 | Depths:4 | 46390 ||| Stepping ~*~*~tactically~*~*~ (retreating).
 46390 | Depths:4 | HP: 37/163 [Vv (12)]
 46391 | Depths:4 | 46391 ||| READING 12 scrolls of teleportation.
 46392 | Depths:4 | 46392 ||| DRINKING potion of heal wounds.
 46393 | Depths:4 | 46393 ||| Stepping ~*~*~tactically~*~*~ (retreating).
 46393 | Depths:4 | HP: 16/163 [Vv (32)]
 46452 | Depths:4 | 46452 ||| INVOKING Heroism.
 46456 | Depths:4 | HP: 24/163 [Vv (21)]
 46457 | Depths:4 | 46457 ||| READING 11 scrolls of teleportation.
 46457 | Depths:4 | HP: 10/163 [Vv (14)]
 46464 | Depths:4 | Noticed Jory
 46465 | Depths:4 | 46465 ||| READING 10 scrolls of teleportation.
 46468 | Depths:4 | 46468 ||| READING 9 scrolls of teleportation.
 46471 | Depths:4 | 46471 ||| READING 8 scrolls of teleportation.
 46472 | Depths:4 | HP: 12/163 [spriggan rider/+0 spear (1)]
 46473 | Depths:4 | HP: 5/163 [spriggan rider/+0 spear (1)]
 46474 | Depths:4 | Annihilated by a spriggan berserker

Levels and vault maps discovered:
D:1:      moated_graveyard_arrival, layout_basic, st_stairs_12, minmay_3d_cube
D:2:      layout_loops_cross, serial_shops, nicolae_lakefront_shop, basic_altar,
          ebering_dispersal_statue_hall
D:3:      layout_basic, lemuel_coloured_pillars_altar, gup_sewer_entry_bowl
D:4:      layout_basic, minmay_temple_entry_statues_fountains,
          corexii_item_surrounded_by_moat
D:5:      layout_cave_pools, nicolae_overflow_hidden_temple,
          nicolae_ru_the_path_less_chosen, nemelex_spade_bored_becter,
          dancing_weapons_uskayaw, uniq_prince_ribbit1
D:6:      layout_basic, uniq_menkaure
D:7:      cheibrodos_two_vegetables, layout_basic,
          mainiacjoe_overflow_small_starburst, kennysheep_generic_room_6
D:8:      cheibrodos_shockbox, layout_loops_ring, kennysheep_little_box,
          gammafunk_ghost_hydra_chop, serial_shops, shop
D:9:      layout_roguey, tso_altar, makhleb_altar_promises_db, serial_bayou,
          serial_bayou_pond_b, serial_bayou_shore_a, serial_bayou_ford_a,
          serial_bayou_pond_b
D:10:     layout_roguey, kennysheep_orc_sif_temple, yredelemnul_altar_generic,
          uniq_gastronok, uniq_amaemon, uniq_erica, uniq_harold
D:11:     gammafunk_the_bubble [the_bubble_gammafunk_split],
          layout_loops_corners, lair_entry_dummy, orc_0_dummy
D:12:     layout_roguey, gammafunk_ghost_stat_death, kb_lookout_dungeons_type
D:13:     layout_roguey
D:14:     layout_basic, david_vaults_4, hangedman_decor_opposing,
          minmay_joined_circles, uniq_agnes
D:15:     grunt_enter_depths_magical_seal, layout_loops_ring, serial_shops,
          shop_scrolls, minmay_misc_feat_rows, minmay_crystal_room
Temple:   jpeg_temple_clearing
Lair:1:   layout_regular_city
Lair:2:   layout_cave_pods, evilmike_ambush [evilmike_ambush_outer_basic,
          evilmike_ambush_inner_basic]
Lair:3:   layout_long_grid, shoals_dummy_entry, nicolae_snake_entry_squirm,
          nicolae_volcano_entry_s_turn
Lair:4:   layout_small_grid, gauntlet_entry_generic, lemuel_fruit_fields
Lair:5:   hangedman_lair_tendril_chambers, layout_gridlike,
          guppyfry_lair_end_dragon, minmay_slime_entry_jelly_boxes,
          chequers_serial_rivers_marsh
Shoals:1: layout_shoals, uniq_kirke
Shoals:2: layout_shoals, serial_shops, shop, nicolae_shop_firing_range
Shoals:3: layout_shoals, serial_shops, shop, uniq_bai_suzhen, uniq_ilsuiw
Shoals:4: shoals_end_grunt_garden, layout_shoals
Snake:1:  layout_onion_interference, serial_shops, shop, uniq_aizul
Snake:2:  layout_cave_shapes, basic_altar, uniq_nikola, uniq_vashnia
Snake:3:  layout_misc_corridors, basic_altar, nicolae_coiled_stairwell_down,
          grunt_megastairs_2
Snake:4:  snake_pit_salamanders_mu, layout_basic, serial_shops,
          nicolae_shop_peninsula, basic_altar, grunt_ministairs_9,
          nicolae_shop_overcharged_wands
Orc:1:    layout_caves, uniq_nergalle, uniq_jorgrun, uniq_sonja
Orc:2:    grunt_orc_cross, layout_caves, minmay_shop_mayhem, uniq_nessos
Vaults:1: vaults_mumra_lcd, v_misc_17, nicolae_vaults_sightless_eye,
          nicolae_vaults_angled_halls, st_hourglassy,
          ontoclasm_vaults_loading_screen, layout_vaults_chaotic_city,
          nicolae_trove_entry_columns, serial_shops,
          nicolae_shop_tiny_waterfront
Vaults:2: st_lines, minmay_crypt_entry_nasty_monster, hangedman_vaults_slice,
          vaults_room_fancy_cross, hangedman_vaults_stitches, v_misc_23,
          v_pattern_3, nicolae_vaults_angled_halls,
          nicolae_vaults_three_branches, nicolae_vaults_six-pack,
          vaults_room_pools, ontoclasm_vaults_gateway,
          nicolae_vaults_frosty_reception, nicolae_vaults_circle_grid_a,
          nicolae_vaults_tetromino_T_2, layout_vaults_maze, serial_shops,
          nicolae_shop_real_fake_doors, uniq_margery, uniq_zenata
Vaults:3: nicolae_vaults_what_the_h, vaults_room_grid,
          hangedman_vaults_variations, v_misc_3, nicolae_vaults_surprise_closet,
          layout_vaults_omnigrid
Vaults:4: hellmonk_ghost_happy_afterlife, ontoclasm_vaults_misaligned,
          nicolae_vaults_trapezoid_3, nicolae_vaults_tetromino_L_2,
          v_alt_pattern_1, nicolae_vaults_layer_cake_slice,
          nicolae_vaults_tetromino_Z_2, nicolae_vaults_angled_halls,
          nicolae_vaults_little_squares_4, hangedman_vaults_capsules,
          kb_rosetta, hangedman_vaults_corner_blocks,
          nicolae_vaults_back_hallway, nicolae_vaults_mini_display_case,
          vaults_room_fours, nicolae_vaults_sealed_display,
          nicolae_vaults_ring_of_whatevers, layout_vaults_omnibox
Depths:1: layout_honeycomb, hangedman_abyss_entry_splay, hell_entry,
          nzn_random_ring, minmay_shop_star
Depths:2: minmay_gate_of_8, layout_gridlike, hellmouth_3,
          minmay_splitting_lines, pan_entry, minmay_gold_behind_fungi,
          infiniplex_staircase_pool_2, uniq_norris
Depths:3: gammafunk_mikee_crab_dinner, layout_gridlike, kennysheep_cross_room,
          hellmouth_1, abyss_entry_small_statue_room, serial_shops, shop,
          minmay_staircase_bubble, minmay_shoptagon, firewood_loft
Depths:4: grunt_zot_entry_hairpin, layout_gridlike, enter_ziggurat_c,
          serial_sigils, serial_sigils_hangedman_shear,
          serial_sigils_hangedman_scratch, serial_sigils_hangedman_gnaw,
          serial_sigils_hangedman_quiver, pf_coc_iceberg,
          pdpol_wu_jian_five_deadly_venoms, uniq_jory, uniq_vv, uniq_boris

Skill      XL: |  1  2  3  4  5  6  7  8  9 10 11 12 13 14 15 16 17 18 19 20 21 22 |
---------------+-------------------------------------------------------------------+-----
Ranged Weapons | 5 6 7 8 9 11 12 14 15 16 19 20 21 23 24 | 24.0
Fighting       | 3 4 5 6 8 9 10 12 13 14 15 16 18 20 22 23 24 | 24.7
Armour         | 1 2 3 6 7 8 9 10 11 12 14 15 | 15.0
Dodging        | 2 3 4 7 8 9 10 11 13 14 15 | 15.0
Invocations    | 4 7 10 | 10.0
Stealth        | |  1.1

Action                     |  1- 3 |  4- 6 |  7- 9 | 10-12 | 13-15 | 16-18 | 19-21 | 22-24 || total
---------------------------+-------+-------+-------+-------+-------+-------+-------+-------++-------
   Fire: Shortbow          |    96 |   115 |   203 |       |       |       |       |       ||   414
         Orcbow            |       |       |   137 |   693 |   339 |       |       |       ||  1169
         Hand cannon       |       |       |       |       |   802 |  1648 |  1526 |   450 ||  4426
 Invoke: Heroism           |       |       |     2 |     2 |       |     6 |     1 |     4 ||    15
         Finesse           |       |       |       |     7 |     6 |    23 |    18 |    12 ||    66
         Receive Weapon    |       |       |       |       |     1 |       |       |       ||     1
         Receive Armour    |       |       |       |       |     1 |       |       |       ||     1
    Use: Scroll            |     6 |     6 |     8 |    13 |     7 |     8 |     9 |     5 ||    62
         Potion            |     1 |     1 |     2 |     1 |     2 |     5 |     2 |     2 ||    16
 Armour: Leather armour    |     7 |       |    77 |   112 |       |       |       |       ||   196
         Ring mail         |     1 |     9 |       |    21 |   428 |  1032 |   763 |   189 ||  2443
         Robe              |       |    22 |    11 |       |       |       |       |       ||    33
         Troll leather arm |       |       |       |    31 |       |       |       |       ||    31
  Dodge: Dodged            |    10 |    47 |   134 |   192 |   661 |  1088 |   720 |   208 ||  3060
         Repelled          |       |       |       |       |     6 |    22 |     5 |       ||    33

Table legend:
 A = Non-vault XP
 B = Vault XP
 C = Vault XP percentage of total XP
 D = Non-vault monster count
 E = Vault monster count
 F = Vault count percentage of total count
                 A         B        C        D         E       F
            +---------+---------+-------+---------+---------+-------
      Total |  458307 |  232951 |  33.7 |    1074 |     418 |  28.0
            +---------+---------+-------+---------+---------+-------
        D:1 |      36 |      14 |  28.0 |      22 |       7 |  24.1
        D:2 |      26 |       0 |   0.0 |       7 |       0 |   0.0
        D:3 |      71 |      23 |  24.5 |      13 |       4 |  23.5
        D:4 |     598 |       0 |   0.0 |      27 |       0 |   0.0
        D:5 |     356 |     255 |  41.7 |      13 |       1 |   7.1
        D:6 |    1393 |     172 |  11.0 |      29 |       1 |   3.3
        D:7 |     982 |    1123 |  53.3 |      24 |      10 |  29.4
        D:8 |    2529 |       0 |   0.0 |      37 |       0 |   0.0
        D:9 |    2603 |     911 |  25.9 |      30 |       4 |  11.8
       D:10 |    5123 |    4593 |  47.3 |      23 |      10 |  30.3
       D:11 |    6688 |       0 |   0.0 |      28 |       0 |   0.0
       D:12 |    1341 |     106 |   7.3 |      10 |       1 |   9.1
       D:13 |    9909 |       0 |   0.0 |      22 |       0 |   0.0
       D:14 |   17360 |    8282 |  32.3 |      39 |      13 |  25.0
       D:15 |    6649 |    4417 |  39.9 |      15 |       9 |  37.5
     Lair:1 |    1177 |       0 |   0.0 |       5 |       0 |   0.0
     Lair:2 |    3616 |    1803 |  33.3 |      14 |       5 |  26.3
     Lair:3 |    4175 |    2440 |  36.9 |      13 |       7 |  35.0
     Lair:4 |    3292 |       0 |   0.0 |      13 |       0 |   0.0
     Lair:5 |   20089 |   14317 |  41.6 |      51 |      62 |  54.9
   Shoals:1 |   25123 |       0 |   0.0 |      50 |       0 |   0.0
   Shoals:2 |   23532 |       0 |   0.0 |      44 |       0 |   0.0
   Shoals:3 |   10765 |    6817 |  38.8 |      25 |       5 |  16.7
   Shoals:4 |    4409 |   13009 |  74.7 |      10 |      23 |  69.7
    Snake:1 |   16080 |    3546 |  18.1 |      34 |       2 |   5.6
    Snake:2 |    5195 |    5716 |  52.4 |       8 |       5 |  38.5
    Snake:3 |   15327 |    4055 |  20.9 |      36 |       9 |  20.0
    Snake:4 |   12541 |   39408 |  75.9 |      25 |      60 |  70.6
      Orc:1 |     793 |    3421 |  81.2 |      17 |       3 |  15.0
      Orc:2 |    4710 |    8574 |  64.5 |      34 |      38 |  52.8
   Vaults:1 |   38422 |    9707 |  20.2 |      57 |      12 |  17.4
   Vaults:2 |   31086 |   37406 |  54.6 |      41 |      40 |  49.4
   Vaults:3 |   31854 |   15099 |  32.2 |      47 |      25 |  34.7
   Vaults:4 |   28485 |    8169 |  22.3 |      40 |       9 |  18.4
   Depths:1 |   24204 |   21669 |  47.2 |      36 |      18 |  33.3
   Depths:2 |   46079 |   13444 |  22.6 |      50 |      18 |  26.5
   Depths:3 |   20935 |       0 |   0.0 |      27 |       0 |   0.0
   Depths:4 |   10372 |       0 |   0.0 |       5 |       0 |   0.0
    Abyss:3 |    9143 |       0 |   0.0 |      19 |       0 |   0.0
    Abyss:4 |   11239 |       0 |   0.0 |      34 |       0 |   0.0
   Gauntlet |       0 |    4455 | 100.0 |       0 |      17 | 100.0
            +---------+---------+-------+---------+---------+-------
